Workbook
Name a: #REF!
Name a: #REF!
Name a: #REF!
Name a: #REF!
Name A_impresión_IM: #REF!
Name A_impresión_IM: #REF!
Name A_impresión_IM: #REF!
Name A_impresión_IM: #REF!
Name inf: #REF!
Name inf: #REF!
Name inf: #REF!
Name inf: #REF!
Name INV_11: '[1]PR 1'!$A$2:$N$655
Name Print_Area_MI: #REF!
Name Print_Area_MI: #REF!
Name Print_Area_MI: #REF!
Name Print_Area_MI: #REF!
Name valor1: #REF!
Name valor1: #REF!
Name valor1: #REF!
Name valor1: #REF!
Name valor2: #REF!
Name valor2: #REF!
Name valor2: #REF!
Name valor2: #REF!
Name VALOR3: #REF!
Name VALOR3: #REF!
Name VALOR3: #REF!
Name VALOR3: #REF!

Sheet PRESUPUESTO OBRA
B3: SECRETARIA DE PLANEACION Y OBRAS PUBLICAS
B4: PROYECTO: CONSTRUCCION DEL PUESTO DE SALUD DEL CORREGIMIENTO DE ARMENIA, ZONA RURAL DEL MUNICIPIO DE PINILLOS, DEPARTAMENTO DE BOLIVAR
B6: Presupuesto de Obra - Ajustado a 2023
B8: ITEM | C8: DESCRIPCION | D8: UNID. | E8: CANT. | F8: Vr. UNIT | G8: Vr. PARCIAL
B10: 1 | C10: OBRAS PRELIMINARES
B11: 1.1 | C11: Localizacion, trazado, replanteo y control topografico de la obra | D11: M2 | E11: ='CANT. DE OBRA '!K12 -> 616.5992 | F11: =APUS!I37 -> 2806 | G11: =E11*F11 -> 1730177.4
B12: 1.2 | C12: Demolición de Estructura existente | D12: M2 | E12: ='CANT. DE OBRA '!K19 -> 450.25 | F12: =APUS!I92 -> 12740 | G12: =E12*F12 -> 5736185
B13: 1.3 | C13: Perfilacion y nivelacion del terreno - Manual | D13: M2 | E13: ='CANT. DE OBRA '!K26 -> 616.5992 | F13: =APUS!I151 -> 7166 | G13: =E13*F13 -> 4418549.9
B14: 1.4 | C14: Relleno con material granular transportado compactado al 90%, Manual- (Relleno para Nivelacion de Terreno de Proyecto) | D14: M3 | E14: ='CANT. DE OBRA '!L33 -> 92.48988 | F14: =APUS!I213 -> 118953 | G14: =E14*F14 -> 11001949
B15: 1.5 | C15: Cargue, transporte y disposición final de material sobrante en sitio autorizado | D15: M3 | E15: ='CANT. DE OBRA '!K41 -> 120.19242 | F15: =APUS!I272 -> 28815 | G15: =E15*F15 -> 3463344.6
C16: Subtotal Items 1 | G16: =SUM(G11:G15) -> 26350206
B18: 2 | C18: EXCAVACIONES, NIVELACIONES Y RELLENOS
B19: 2.1 | C19: Excavaciones manuales (No Incluye retiro de material sobrante) | D19: M3 | E19: ='CANT. DE OBRA '!K60 -> 41.1264 | F19: =APUS!I328 -> 34022 | G19: =E19*F19 -> 1399202.4
B20: 2.2 | C20: Relleno con material comun de excavacion (Zapatas) | D20: M3 | E20: ='CANT. DE OBRA '!K69 -> 5.542 | F20: =APUS!I390 -> 30742 | G20: =E20*F20 -> 170372.16
B21: 2.3 | C21: Relleno con material granular transportado compactado al 90%, Manual con Canguro - (Relleno para Nivelacion de Area Construccion) | D21: M3 | E21: ='CANT. DE OBRA '!L82 -> 52.5194 | F21: =APUS!I451 -> 118953 | G21: =E21*F21 -> 6247340.2
B22: 2.4 | C22: Cargue, transporte y disposición final de material sobrante en sitio autorizado | D22: M3 | E22: ='CANT. DE OBRA '!K89 -> 35.5844 | F22: =APUS!I510 -> 28815 | G22: =E22*F22 -> 1025364.5
C23: Subtotal Items 2 | G23: =SUM(G19:G22) -> 8842279.2
B25: 3 | C25: ESTRUCTURALES
B26: 3.1 | C26: Solado en concreto pobre 1500 p.s.i. (Estructura de Zapatas) | D26: M3 | E26: ='CANT. DE OBRA '!K99 -> 0.9015 | F26: =APUS!I568 -> 602220 | G26: =E26*F26 -> 542901.33
B27: 3.2 | C27: Construcción de Zapatas en concreto 3000 p.s.i. modulacion 1,00 mts x 1,00 mts x alto 0,30 mts, incluye acero: en ambos sentidos de 1/2" cada 0,18 mts | D27: U | E27: ='CANT. DE OBRA '!K106 -> 4 | F27: =APUS!I628 -> 383673 | G27: =E27*F27 -> 1534692
B28: 3.3 | C28: Construcción de Zapatas en concreto 3000 p.s.i. modulacion 0,60 mts x 0,60 mts x alto 0,25 mts, incluye acero: en ambos sentidos de 1/2" cada 0,18 mts | D28: U | E28: ='CANT. DE OBRA '!K113 -> 17 | F28: =APUS!I689 -> 178991 | G28: =E28*F28 -> 3042847
B29: 3.4 | C29: Construcción de Zapatas en concreto 3000 p.s.i. modulacion 0,40 mts x 0,40 mts x alto 0,25 mts, incluye acero: en ambos sentidos de 1/2" cada 0,18 mts | D29: U | E29: ='CANT. DE OBRA '!K120 -> 26 | F29: =APUS!I749 -> 100877 | G29: =E29*F29 -> 2622802
B30: 3.5 | C30: Construcción de Viga de Cimentacion en concreto de 3000 p.s.i, modulacion 0,25 mts x 0,25 mts, incluye acero: longitudinal 4 3/8" - Estnbos 3/8" cada 0,15 mts | D30: M | E30: ='CANT. DE OBRA '!K128 -> 117.61 | F30: =APUS!I810 -> 176417 | G30: =E30*F30 -> 20748403
B31: 3.6 | C31: Construcción de Viga de Cimentacion en concreto de 3000 p.s.i, modulacion 0,25 mts x 0,25 mts, incluye acero: longitudinal 4 3/8" - Estnbos 3/8" cada 0,15 mts | D31: M | E31: ='CANT. DE OBRA '!K140 -> 154.64 | F31: =APUS!I870 -> 124341 | G31: =E31*F31 -> 19228092
B32: 3.7 | C32: Construcción de Viga de Cimentacion en concreto de 3000 p.s.i, modulacion 0,15 mts x 0,25 mts, incluye acero: longitudinal 4 3/8" - Estnbos 3/8" cada 0,20 mts | D32: M | E32: ='CANT. DE OBRA '!K147 -> 33.08 | F32: =APUS!I931 -> 97224 | G32: =E32*F32 -> 3216169.9
B33: 3.8 | C33: Construcción de Pedestal en concreto de 3000 p.s.i, modulacion 0,45 mts x 0,45 mts, incluye acero: longitudinal 8 Fe= 5/8" - Estnbos 3/8" cada 0,10 mts | D33: M | E33: ='CANT. DE OBRA '!K154 -> 4.8 | F33: =APUS!I990 -> 399400 | G33: =E33*F33 -> 1917120
B34: 3.9 | C34: Construcción de Columnas en concreto de 3000 p.s.i, modulacion 0,30 mts x 0,30 mts, incluye acero: longitudinal 6 Fe= 1/2" - Estnbos 3/8" cada 0,10 mts | D34: M | E34: ='CANT. DE OBRA '!K163 -> 18.37 | F34: =APUS!I1050 -> 215650 | G34: =E34*F34 -> 3961490.5
B35: 3.10 | C35: Construcción de Columnas en concreto de 3000 p.s.i, modulacion 0,25 mts x 0,25 mts, incluye acero: longitudinal 4 Fe= 1/2" - Estnbos 3/8" cada 0,15 mts | D35: M | E35: ='CANT. DE OBRA '!K171 -> 75.67 | F35: =APUS!I1111 -> 144471 | G35: =E35*F35 -> 10932121
B36: 3.11 | C36: Construcción de Columnas en concreto de 3000 p.s.i, modulacion 0,20 mts x 0,25 mts, incluye acero: longitudinal 4 Fe= 3/8" - Estnbos 3/8" cada 0,15 mts | D36: M | E36: ='CANT. DE OBRA '!K178 -> 63.7 | F36: =APUS!I1171 -> 122152 | G36: =E36*F36 -> 7781082.4
B37: 3.12 | C37: Construcción de Viga Amarre en concreto 3000 p.s.i. 0.25 X 0.25 mts - 4 Fe= 3/8" - Estribos y ganchos Fe= 3/8 C/. 0,20 mts | D37: M | E37: ='CANT. DE OBRA '!K186 -> 117.61 | F37: =APUS!I1231 -> 122117 | G37: =E37*F37 -> 14362180
B38: 3.13 | C38: Construcción de Viga Amarre en concreto 3000 p.s.i. 0.20 X 0.25 mts - 4 Fe= 3/8" - Estribos y ganchos Fe= 3/8 C/. 0,20 mts | D38: M | E38: ='CANT. DE OBRA '!K193 -> 85.23 | F38: =APUS!I1291 -> 106536 | G38: =E38*F38 -> 9080063.3
B39: 3.14 | C39: Construcción de Viga Dintel en concreto de 3000 p.s.i, modulacion 0,10 mts x 0,15 mts, incluye acero: longitudinal 2 3/8" - Estnbos 3/8" cada 0,20 mts | D39: M | E39: ='CANT. DE OBRA '!K207 -> 53.3 | F39: =APUS!I1351 -> 67957 | G39: =E39*F39 -> 3622108.1
B40: 3.15 | C40: Construcción de Viga Superior en concreto 3000 p.s.i. 0.10 X 0.20 mts - 2 Fe= 3/8" - Estribos y ganchos Fe= 3/8 C/. 0,15 mts | D40: M | E40: ='CANT. DE OBRA '!K218 -> 204.98 | F40: =APUS!I1410 -> 91737 | G40: =E40*F40 -> 18804250
B41: 3.16 | C41: Construcción de Plantilla para pisos esp. 0,10 mts en concreto 3000 p.s.i. - Fe=1/4" temperatura Cada 0.40 mts ambos sentidos | D41: M2 | E41: ='CANT. DE OBRA '!K227 -> 281.638 | F41: =APUS!I1474 -> 119459 | G41: =E41*F41 -> 33644194
B42: 3.17 | C42: Construcción de Sobre-cimentacion con Muro en Bloque No 6 relleno en concreto de 3000 p.s.i. | D42: M2 | E42: ='CANT. DE OBRA '!K241 -> 51.084 | F42: =APUS!I1530 -> 116756 | G42: =E42*F42 -> 5964363.5
B43: 3.18 | C43: Construcción de Viga Canal en concreto 3000 p.s.i. espesor 10 cms, incluye acero: ambos sentidos de 1/2" cada 0,15 mts. | D43: M2 | E43: ='CANT. DE OBRA '!K249 -> 42.745 | F43: =APUS!I1591 -> 252513 | G43: =E43*F43 -> 10793668
B44: 3.19 | C44: Construcción de Placa de Tanque elevado en concreto 3000 p.s.i. espesor 10 cms, incluye acero: ambos sentidos de 1/2" cada 0,15 mts. | D44: M2 | E44: ='CANT. DE OBRA '!K256 -> 1.44 | F44: =APUS!I1651 -> 252513 | G44: =E44*F44 -> 363618.72
C45: Subtotal Items 3 | G45: =SUM(G26:G44) -> 1.7216217e+08
B47: 4 | C47: MAMPOSTERIA
B48: 4.1 | C48: Levante de muro de block No 4 | D48: M2 | E48: ='CANT. DE OBRA '!K270 -> 552.892 | F48: =APUS!I1710 -> 57163 | G48: =E48*F48 -> 31604965
B49: 4.2 | C49: Pañete para muros mortero: 1:4 imp . Esp = 2 cms (Muros) | D49: M2 | E49: ='CANT. DE OBRA '!K284 -> 1224.131 | F49: =APUS!I1770 -> 33740 | G49: =E49*F49 -> 41302180
B50: 4.3 | C50: Pañete para muros mortero: 1:4 imp . Esp = 2 cms (Lineal) | D50: M | E50: ='CANT. DE OBRA '!K294 -> 425.46 | F50: =APUS!I1830 -> 10496 | G50: =E50*F50 -> 4465628.2
C51: Subtotal Items 4 | G51: =SUM(G48:G50) -> 77372773
B53: 5 | C53: ACABADOS
B54: 5.1 | C54: Estuco para muros tipo 1 (estructuras y Muros) | D54: M2 | E54: ='CANT. DE OBRA '!K309 -> 882.703 | F54: =APUS!I1892 -> 19301 | G54: =E54*F54 -> 17037051
B55: 5.2 | C55: Pintura tipo 1 para exteriores e interiores (2 manos) | D55: M2 | E55: ='CANT. DE OBRA '!K324 -> 882.703 | F55: =APUS!I1953 -> 19309 | G55: =E55*F55 -> 17044112
B56: 5.3 | C56: Estampado de concreto de Placas de pisos de Anden exterior | D56: M2 | E56: ='CANT. DE OBRA '!K331 -> 52.42 | F56: =APUS!I2015 -> 79821 | G56: =E56*F56 -> 4184216.8
B57: 5.4 | C57: Cenefa en color azul con Pintura tipo 1 para interiores (2 manos) | D57: M | E57: ='CANT. DE OBRA '!K338 -> 140.7 | F57: =APUS!I2069 -> 7937 | G57: =E57*F57 -> 1116735.9
B58: 5.5 | C58: Suministro e instalación de cielo raso en PVC | D58: M2 | E58: ='CANT. DE OBRA '!K345 -> 135 | F58: =APUS!I2135 -> 148535 | G58: =E58*F58 -> 20052225
B59: 5.6 | C59: Suministro e instalación de enchape ceramico para piso | D59: M2 | E59: ='CANT. DE OBRA '!K352 -> 135.5 | F59: =APUS!I2195 -> 111774 | G59: =E59*F59 -> 15145377
B60: 5.7 | C60: Suministro e Instalación de Zocalo tipo media caña | D60: M | E60: ='CANT. DE OBRA '!K359 -> 140.7 | F60: =APUS!I2256 -> 35553 | G60: =E60*F60 -> 5002307.1
B61: 5.8 | C61: Pintura en Cal para exteriores (2 manos) - Muro de Cerramiento | D61: M2 | E61: ='CANT. DE OBRA '!K368 -> 429.8178 | F61: =APUS!I2315 -> 11939 | G61: =E61*F61 -> 5131594.7
B62: 5.9 | C62: Suministro e instalación de enchape ceramico para Pisos de Baños | D62: M2 | E62: ='CANT. DE OBRA '!K383 -> 20.09 | F62: =APUS!I2380 -> 98124 | G62: =E62*F62 -> 1971311.2
B63: 5.10 | C63: Suministro e instalación de enchape ceramico para Muros de Baños | D63: M2 | E63: ='CANT. DE OBRA '!K398 -> 111.034 | F63: =APUS!I2442 -> 91093 | G63: =E63*F63 -> 10114420
C64: Subtotal Items 5 | G64: =SUM(G54:G63) -> 96799351
B66: 6 | C66: INSTALACIONES HIDRAULICAS
B67: 6.1 | C67: Suministro e instalación de tanque plastico de almacenamiento 1.000 lt (incluye flotador, accesorios y tuberias para su instalacion y funcionamiento) | D67: U | E67: ='CANT. DE OBRA '!K405 -> 1 | F67: =APUS!I2504 -> 970142 | G67: =E67*F67 -> 970142
B68: 6.2 | C68: Instalación de puntos hidraulicos 1/2" | D68: U | E68: ='CANT. DE OBRA '!K413 -> 19 | F68: =APUS!I2562 -> 35184 | G68: =E68*F68 -> 668496
B69: 6.3 | C69: Suministro e Instalación de acometida hidraulica en tuberia de 1/2" | D69: U | E69: ='CANT. DE OBRA '!K421 -> 40 | F69: =APUS!I2621 -> 20642 | G69: =E69*F69 -> 825680
B70: 6.4 | C70: Suministro e Instalación de acometida hidraulica en tuberia de 3/4" | D70: U | E70: ='CANT. DE OBRA '!K429 -> 71 | F70: =APUS!I2682 -> 22201 | G70: =E70*F70 -> 1576271
C71: SUMINISTRO E INSTALACION RED SECA CONTRA INCENDIOS
B72: 6.5 | C72: Suministro e Instalación de extintores | D72: U | E72: ='CANT. DE OBRA '!K436 -> 1 | F72: =APUS!I2741 -> 303191 | G72: =E72*F72 -> 303191
C73: Subtotal Items 6 | G73: =SUM(G67:G72) -> 4343780
B75: 7 | C75: INSTALACIONES SANITARIAS
B76: 7.1 | C76: Suministro e instalación de combo sanitario + accesorios sanitarios | D76: U | E76: ='CANT. DE OBRA '!K443 -> 9 | F76: =APUS!I2800 -> 986469 | G76: =E76*F76 -> 8878221
B77: 7.2 | C77: Suministro e instalación de Lavamanos en Acero Inoxidable | D77: U | E77: ='CANT. DE OBRA '!K450 -> 1 | F77: =APUS!I2860 -> 373018 | G77: =E77*F77 -> 373018
B78: 7.3 | C78: Suministro e instalacion de tanque septico de capacidad total 2000 lts incluye acometida de 4" y campo de infiltracion | D78: U | E78: ='CANT. DE OBRA '!K457 -> 1 | F78: =APUS!I2926 -> 8676439 | G78: =E78*F78 -> 8676439
B79: 7.4 | C79: Instalación de puntos sanitarios de 2" | D79: U | E79: ='CANT. DE OBRA '!K464 -> 10 | F79: =APUS!I2986 -> 66092 | G79: =E79*F79 -> 660920
B80: 7.5 | C80: Instalación de puntos sanitarios de 3" (incluye sifon) | D80: U | E80: ='CANT. DE OBRA '!K471 -> 9 | F80: =APUS!I3048 -> 103013 | G80: =E80*F80 -> 927117
B81: 7.6 | C81: Instalación de puntos sanitarios de 4" - Sanitario | D81: U | E81: ='CANT. DE OBRA '!K478 -> 9 | F81: =APUS!I3107 -> 143749 | G81: =E81*F81 -> 1293741
B82: 7.7 | C82: Instalación de puntos sanitarios de 4" - Aguas Lluvias | D82: U | E82: ='CANT. DE OBRA '!K485 -> 4 | F82: =APUS!I3168 -> 143749 | G82: =E82*F82 -> 574996
B83: 7.8 | C83: Suministro e Instalación de tuberia sanitaria de 2" | D83: M | E83: ='CANT. DE OBRA '!K492 -> 15 | F83: =APUS!I3229 -> 32507 | G83: =E83*F83 -> 487605
B84: 7.9 | C84: Suministro e Instalación de tuberia sanitaria de 3" | D84: M | E84: ='CANT. DE OBRA '!K499 -> 9 | F84: =APUS!I3289 -> 40300 | G84: =E84*F84 -> 362700
B85: 7.10 | C85: Suministro e instalación de tubería sanitaria de 2" - Tubería de ventilación húmeda | D85: M | E85: ='CANT. DE OBRA '!K506 -> 27 | F85: =APUS!I3348 -> 32507 | G85: =E85*F85 -> 877689
B86: 7.11 | C86: Suministro e Instalación de tuberia de pvc 4" - Generales | D86: M | E86: ='CANT. DE OBRA '!K516 -> 112.5 | F86: =APUS!I3408 -> 54329 | G86: =E86*F86 -> 6112012.5
B87: 7.12 | C87: Suministro e instalación de Poceta o Lavadero | D87: U | E87: ='CANT. DE OBRA '!K523 -> 1 | F87: =APUS!I3464 -> 278518 | G87: =E87*F87 -> 278518
B88: 7.13 | C88: Construcción de Registro Sanitario en concreto de 3000 p.s.i. (control y limpieza) | D88: U | E88: ='CANT. DE OBRA '!K531 -> 6 | F88: =APUS!I3527 -> 507152 | G88: =E88*F88 -> 3042912
C89: Subtotal Items 7 | G89: =SUM(G76:G88) -> 32545888
B91: 8 | C91: INSTALACIONES ELECTRICAS
B92: 8.1 | C92: Suministro e instalacion de tablero 8 circuitos | D92: U | E92: ='CANT. DE OBRA '!K538 -> 1 | F92: =APUS!I3644 -> 1063574 | G92: =E92*F92 -> 1063574
B93: 8.2 | C93: Suministro e Instalación de toma corriente doble | D93: U | E93: ='CANT. DE OBRA '!K545 -> 26 | F93: =APUS!I3764 -> 29377 | G93: =E93*F93 -> 763802
B94: 8.3 | C94: Suministro e Instalación de interruptor sencillo | D94: U | E94: ='CANT. DE OBRA '!K552 -> 14 | F94: =APUS!I3823 -> 20507 | G94: =E94*F94 -> 287098
B95: 8.4 | C95: Suministro e Instalación de Salida para luces (incluye lamparas led redondas 18W) | D95: U | E95: ='CANT. DE OBRA '!K559 -> 30 | F95: =APUS!I3883 -> 59163 | G95: =E95*F95 -> 1774890
B96: 8.5 | C96: Suministro e instalación de ventiladores de Giro Horizontal | D96: U | E96: ='CANT. DE OBRA '!K566 -> 5 | F96: =APUS!I3944 -> 463777 | G96: =E96*F96 -> 2318885
B97: 8.6 | C97: Instalación de Puntos electricos 110v (incluye acometida) | D97: UND | E97: ='CANT. DE OBRA '!K576 -> 78 | F97: =APUS!I4010 -> 178076 | G97: =E97*F97 -> 13889928
B98: 8.7 | C98: Instalación de Puntos electricos 220v (incluye acometida) | D98: UND | E98: ='CANT. DE OBRA '!K584 -> 19 | F98: =APUS!I4071 -> 234853 | G98: =E98*F98 -> 4462207
B99: 8.8 | C99: Suministro e Instalación de toma mirada china | D99: UND | E99: ='CANT. DE OBRA '!K591 -> 11 | F99: =APUS!I4127 -> 24611 | G99: =E99*F99 -> 270721
B100: 8.9 | C100: Suministro e Instalación de lamparas tipo LED - tortuga | D100: UND | E100: ='CANT. DE OBRA '!K598 -> 8 | F100: =APUS!I4190 -> 50601 | G100: =E100*F100 -> 404808
B101: 8.10 | C101: Suministro e Instalación de Interruptores dobles | D101: UND | E101: ='CANT. DE OBRA '!K605 -> 8 | F101: =APUS!I4253 -> 24341 | G101: =E101*F101 -> 194728
B102: 8.11 | C102: Suministro e instalacion de aire mini split 2 hp | D102: UND | E102: ='CANT. DE OBRA '!K612 -> 7 | F102: =APUS!I4314 -> 2835794 | G102: =E102*F102 -> 19850558
B103: 8.12 | C103: Registro Electrico en concreto de 3000 p.s.i. - Control electrico | D103: UND | E103: ='CANT. DE OBRA '!K619 -> 2 | F103: =APUS!I4375 -> 507152 | G103: =E103*F103 -> 1014304
C104: Subtotal Items 8 | G104: =SUM(G92:G103) -> 46295503
B106: 9 | C106: CUBIERTAS
B107: 9.1 | C107: Suministro e instalación de cubierta arquitectonica | D107: M2 | E107: ='CANT. DE OBRA '!K626 -> 167.7 | F107: =APUS!I4434 -> 150719 | G107: =E107*F107 -> 25275576
B108: 9.2 | C108: Impermeabilizacion de Placa de Viga Canal, Incluye Mortero de Nivelacion | D108: M2 | E108: ='CANT. DE OBRA '!K634 -> 42.745 | F108: =APUS!I4498 -> 75823 | G108: =E108*F108 -> 3241054.1
B109: 9.3 | C109: Suministro e instalación de Correas de cubierta en Perfil de 3" x 1 1/2" Cal. 16 | D109: M | E109: ='CANT. DE OBRA '!K641 -> 117 | F109: =APUS!I4558 -> 46128 | G109: =E109*F109 -> 5396976
C110: Subtotal Items 9 | G110: =SUM(G107:G109) -> 33913606
B112: 10 | C112: CARPINTERIA METALICA
B113: 10.1 | C113: Suministro e instalación de puertas Exteriores en Aluminio TIPO 762 | D113: U | E113: ='CANT. DE OBRA '!K648 -> 3 | F113: =APUS!I4619 -> 1207137 | G113: =E113*F113 -> 3621411
B114: 10.2 | C114: Suministro e instalación de puertas en Aluminio | D114: M2 | E114: ='CANT. DE OBRA '!K656 -> 29.7 | F114: =APUS!I4679 -> 484769 | G114: =E114*F114 -> 14397639
...

Sheet PRESUPUESTO ADMON
A3: SECRETARIA DE PLANEACION Y OBRAS PUBLICAS
A4: PROYECTO: CONSTRUCCION DEL PUESTO DE SALUD DEL CORREGIMIENTO DE ARMENIA, ZONA RURAL DEL MUNICIPIO DE PINILLOS, DEPARTAMENTO DE BOLIVAR
A5: Presupuesto Administracion (A.I.U)
A7: VALOR TOTAL COSTO DIRECTO OBRA | K7: ='PRESUPUESTO OBRA'!G130 -> 5.3846154e+08
A9: 1 | B9: SALARIOS PERSONAL DE OBRA, OFICINA Y VIGILANCIA | K9: =I40+I31+I22 -> 54201000
A10: A | B10: PERSONAL PROFESIONAL | J10: =K9/K7 -> 0.100659
A11: CANT | B11: CONCEPTO | C11: A | D11: B | E11: C | F11: D | G11: E | H11: F | I11: G
B12: PERSONAL PROFESIONAL | C12: SUELDO MES BASICO X PERSONA | D12: SUELDO MES BASICO | E12: % DEDICACION | F12: F.M. | G12: VALOR MES (AXBXC) | H12: No DE MESES | I12: TOTAL (DXE)
A14: 1 | B14: Director de Obra | C14: =1160000*3 -> 3480000 | D14: =C14*A14 -> 3480000 | E14: 25 | F14: 1.75 | G14: =+D14*E14*F14/100 -> 1522500 | H14: 4 | I14: =+G14*H14 -> 6090000
A15: 1 | B15: Residente de Obra | C15: =1160000*1.8 -> 2088000 | D15: =C15*A15 -> 2088000 | E15: 100 | F15: 1.75 | G15: =+D15*E15*F15/100 -> 3654000 | H15: 4 | I15: =+G15*H15 -> 14616000
A16: 1 | B16: Ingeniero Hidarulico | C16: =1160000*2.5 -> 2900000 | D16: =C16*A16 -> 2900000 | E16: 5 | F16: 1.75 | G16: =+D16*E16*F16/100 -> 253750 | H16: 4 | I16: =+G16*H16 -> 1015000
A17: 1 | B17: Ingeniero Estructural | C17: =1160000*2.5 -> 2900000 | D17: =C17*A17 -> 2900000 | E17: 5 | F17: 1.75 | G17: =+D17*E17*F17/100 -> 253750 | H17: 4 | I17: =+G17*H17 -> 1015000
A18: 1 | B18: Trabajadora Social | C18: =1160000*2.5 -> 2900000 | D18: =C18*A18 -> 2900000 | E18: 5 | F18: 1.75 | G18: =+D18*E18*F18/100 -> 253750 | H18: 4 | I18: =+G18*H18 -> 1015000
A19: 1 | B19: Contador Publico | C19: =1160000*2.5 -> 2900000 | D19: =C19*A19 -> 2900000 | E19: 5 | F19: 1.75 | G19: =+D19*E19*F19/100 -> 253750 | H19: 4 | I19: =+G19*H19 -> 1015000
A20: 1 | B20: Profesional SISO | C20: =1160000*1.25 -> 1450000 | D20: =C20*A20 -> 1450000 | E20: 50 | F20: 1.75 | G20: =+D20*E20*F20/100 -> 1268750 | H20: 4 | I20: =+G20*H20 -> 5075000
B22: SUBTOTAL COSTO PERSONAL PROFESIONAL (4) | I22: =SUM(I14:I20) -> 29841000
A24: B | B24: PERSONAL TECNICO Y ADMINISTRATIVO
B25: CONCEPTO | C25: A | D25: B | E25: C | F25: D | G25: E | H25: F | I25: G
B26: PERSONAL TECNICO | C26: SUELDO MES BASICO X PERSONA | D26: SUELDO MES BASICO | E26: % DEDICACION | F26: F.M. | G26: VALOR MES (AXBXC) | H26: No DE MESES | I26: TOTAL (DXE)
A28: 1 | B28: Secretaria | C28: =1160000*1 -> 1160000 | D28: =C28*A28 -> 1160000 | E28: 100 | F28: 1.75 | G28: =+D28*E28*F28/100 -> 2030000 | H28: 4 | I28: =+G28*H28 -> 8120000
A29: 1 | B29: Almacenista | C29: =1160000*1 -> 1160000 | D29: =C29*A29 -> 1160000 | E29: 100 | F29: 1.75 | G29: =+D29*E29*F29/100 -> 2030000 | H29: 4 | I29: =+G29*H29 -> 8120000
B31: SUBTOTAL COSTO PERSONAL TECNICO (2) | I31: =SUM(I28:I29) -> 16240000
A34: C | B34: PERSONAL DE SEGURIDAD Y SERVICIOS
B35: CONCEPTO | C35: A | D35: B | E35: C | F35: D | G35: E | H35: F | I35: G
B36: PERSONAL TECNICO | C36: SUELDO MES BASICO X PERSONA | D36: SUELDO MES BASICO | E36: % DEDICACION | F36: F.M. | G36: VALOR MES (AXBXC) | H36: No DE MESES | I36: TOTAL (DXE)
A38: 1 | B38: Vigilante Nocturno | C38: =1160000*1 -> 1160000 | D38: =C38*A38 -> 1160000 | E38: 100 | F38: 1.75 | G38: =+D38*E38*F38/100 -> 2030000 | H38: 4 | I38: =+G38*H38 -> 8120000
B40: SUBTOTAL COSTO PERSONAL DE SEGURIDAD (1) | I40: =SUM(I38:I38) -> 8120000
A42: 2 | B42: GASTOS OPERACIONALES | K42: =SUM(I43:I53) -> 17559769
A43: 2.1 | B43: Suministro y consumo de servicios Públicos durante la ejecución del proyecto | F43: MES | G43: 4 | H43: 200000 | I43: =H43*G43 -> 800000 | J43: =K42/K7 -> 0.032611
A44: 2.2 | B44: Ensayos de Control de Calidad | F44: MES | G44: 4 | H44: 800000 | I44: =H44*G44 -> 3200000
A45: 2.3 | B45: Papelería/Empastes | F45: MES | G45: 4 | H45: 64942.307 | I45: =H45*G45 -> 259769.23
A46: 2.4 | B46: Copias/ planos/ Fotocopias | F46: MES | G46: 4 | H46: 150000 | I46: =H46*G46 -> 600000
A47: 2.5 | B47: Mantenimiento Equipos/Herramientas | F47: MES | G47: 4 | H47: 700000 | I47: =H47*G47 -> 2800000
A48: 2.6 | B48: Registro Fotográfico/Videos/Informes | F48: U | G48: 1 | H48: 300000 | I48: =H48*G48 -> 300000
A49: 2.7 | B49: Registro y Elaboración Planos Récord | F49: U | G49: 1 | H49: 800000 | I49: =H49*G49 -> 800000
A50: 2.8 | B50: Transportes / almacenamiento | F50: MES | G50: 4 | H50: 900000 | I50: =H50*G50 -> 3600000
A51: 2.9 | B51: Costo Proporcional Oficina Central | F51: MES | G51: 4 | H51: 500000 | I51: =H51*G51 -> 2000000
A52: 2.10 | B52: Valla informativa | F52: U | G52: 1 | H52: 1200000 | I52: =H52*G52 -> 1200000
A53: 2.11 | B53: Campamento Temporal | F53: U | G53: 1 | H53: 2000000 | I53: =H53*G53 -> 2000000
A55: ITEM | B55: DESCRIPCION | F55: % | G55: TOMADO DEL COSTO DIRECTO OBRA | H55: PORCENTAJE VALOR | I55: VALOR POLIZA | J55: % | K55: Vr. PARCIAL
A56: 3 | B56: GASTOS DE LEGALIZACIÓN | K56: =SUM(I57:I63) -> 46700769
A57: 3.1 | B57: Estampillas Pro-desarrollo y Pro-cultura | F57: 1 | G57: =K7*F57 -> 5.3846154e+08 | H57: 0.035 | I57: =H57*G57 -> 18846154 | J57: =K56/K7 -> 0.08673
A58: 3.2 | B58: Impuesto de Seguridad | F58: 1 | G58: =K7 -> 5.3846154e+08 | H58: 0.05 | I58: =H58*G58 -> 26923077
A59: 3.3 | B59: Póliza Anticipo | F59: 0.4 | G59: =K7*F59 -> 2.1538462e+08 | H59: 0.0009 | I59: =H59*G59 -> 193846.15
A60: 3.4 | B60: Póliza Cumplimiento | F60: 0.1 | G60: =K7*F60 -> 53846154 | H60: 0.0007 | I60: =H60*G60 -> 37692.308
A61: 3.5 | B61: Póliza Prestaciones | F61: 0.1 | G61: =K7*F61 -> 53846154 | H61: 0.003 | I61: =H61*G61 -> 161538.46
A62: 3.6 | B62: Póliza Responsabilidad Civil | F62: 0.5 | G62: =K7*F62 -> 2.6923077e+08 | H62: 0.0012 | I62: =H62*G62 -> 323076.92
A63: 3.7 | B63: Póliza Estabilidad | F63: 0.5 | G63: =K7*F63 -> 2.6923077e+08 | H63: 0.0008 | I63: =H63*G63 -> 215384.62
A65: 1 | B65: ADMINISTRACION | F65: % | G65: 22 | K65: =K56+K42+K9 -> 1.1846154e+08
A66: 2 | B66: UTILIDAD | F66: % | G66: 5 | K66: ='PRESUPUESTO OBRA'!G132 -> 26923077
A67: 3 | B67: IMPREVISTOS | F67: % | G67: 3 | K67: ='PRESUPUESTO OBRA'!G133 -> 16153846
B69: TOTAL A.I.U. | K69: =SUM(K65:K68) -> 1.6153846e+08
B76: ARQ. CHEDID PABA PIÑERES
B77: Secretario de Planeación y Obras Públicas

Sheet FM ADMON
A3: PROYECTO: CONSTRUCCION DEL PUESTO DE SALUD DEL CORREGIMIENTO DE ARMENIA, ZONA RURAL DEL MUNICIPIO DE PINILLOS, DEPARTAMENTO DE BOLIVAR
A5: Analisis Unitario - Prestaciones Sociales Obra
A7: CALCULO DEL FACTOR PRESTACIONAL
A9: COMPONENTE | B9: DESCRIPCIÓN | C9: CALCULO | D9: VALOR (%)
A10: A | B10: SUELDOS O SALARIOS | D10: 1
A12: B | B12: PRESTACIONES SOCIALES
B13: Cesantías | C13: (%A) | D13: 0.11
B14: Intereses sobre las cesantías | C14: (%A) | D14: 0.01
B15: Prima anual (legal) | C15: (%A) | D15: 0.0833
B16: Vacaciones | C16: (%A) | D16: 0.0417
B17: Seguridad Social (salud ) | C17: (%A) | D17: 0.085
B18: Seguridad Social (pensión) | C18: (%A) | D18: 0.12
B19: ARL | C19: (%A) | D19: 0.0696
B20: SENA | C20: (%A) | D20: 0.02
B21: ICBF | C21: (%A) | D21: 0.03
B22: Caja de Compensación Familiar | C22: (%A) | D22: 0.03
B23: Fondo de Solidaridad Pensional | C23: (%A) | D23: 0.005
B24: Indemnización de ley | C24: (%A) | D24: 0.03
... B26: Otros (Incapacidad no cubierta EPS , Auxilios varios) | C26: (%A) | D26: 0.01
B27: Subtotal B | D27: =SUM(D13:D26) -> 0.6746
A29: C | B29: DOTACION
B30: Dotacion | C30: (%A) | D30: 0.0446
B31: Implementos de Seguridad | C31: (%A) | D31: 0.0357
A33: C. | B33: FACTOR MULTIPLICADOR (SUMA A + B) | D33: =+D10+D27+D30+D31 -> 1.7549
B35: FACTOR MULTIPLICADOR | D35: =D33/100 -> 0.017549

Sheet PRES INTERVENTORIA
A3: SECRETARIA DE PLANEACION Y OBRAS PUBLICAS
A4: PROYECTO: CONSTRUCCION DEL PUESTO DE SALUD DEL CORREGIMIENTO DE ARMENIA, ZONA RURAL DEL MUNICIPIO DE PINILLOS, DEPARTAMENTO DE BOLIVAR
A5: Presupuesto - Interventoria Tecnica
A7: VALOR TOTAL COSTO TOTAL OBRA | K7: ='PRESUPUESTO OBRA'!G130 -> 5.3846154e+08
A8: VALOR TOTAL COSTO INTERVENTORIA TECNICA 6,5% | K8: ='PRESUPUESTO OBRA'!G136 -> 35000000
A10: 1 | B10: SALARIOS PERSONAL DE OBRA, OFICINA Y VIGILANCIA | K10: =I18+I26 -> 24372739
A11: A | B11: PERSONAL PROFESIONAL | J11: %
A12: CANT | B12: CONCEPTO | C12: A | D12: B | E12: C | F12: D | G12: E | H12: F | I12: G | J12: =K10/K7 -> 0.045263659
B13: PERSONAL TECNICO | C13: SUELDO MES BASICO X PERSONA | D13: SUELDO MES BASICO | E13: % DEDICACION | F13: F.M. | G13: VALOR MES (AXBXC) | H13: No DE MESES | I13: TOTAL (DXE)
A15: 1 | B15: Director de Interventoria | C15: =1160000*2.5 -> 2900000 | D15: =C15*A15 -> 2900000 | E15: 25 | F15: 1.9 | G15: =+D15*E15*F15/100 -> 1377500 | H15: 4 | I15: =+G15*H15 -> 5510000
A16: 1 | B16: Residente de Interventoria | C16: =1160000*1.8 -> 2088000 | D16: =C16*A16 -> 2088000 | E16: 100 | F16: 1.9 | G16: =+D16*E16*F16/100 -> 3967200 | H16: 4 | I16: =+G16*H16 -> 15868800
B18: SUBTOTAL COSTO PERSONAL PROFESIONAL (4) | I18: =SUM(I15:I16) -> 21378800
A20: B | B20: PERSONAL TECNICO Y ADMINISTRATIVO
B21: CONCEPTO | C21: A | D21: B | E21: C | F21: D | G21: E | H21: F | I21: G
B22: PERSONAL TECNICO | C22: SUELDO MES BASICO X PERSONA | D22: SUELDO MES BASICO | E22: % DEDICACION | F22: F.M. | G22: VALOR MES (AXBXC) | H22: No DE MESES | I22: TOTAL (DXE)
A24: 1 | B24: Topografo | C24: =1050505*1.5 -> 1575757.5 | D24: =C24*A24 -> 1575757.5 | E24: 25 | F24: 1.9 | G24: =+D24*E24*F24/100 -> 748484.81 | H24: 4 | I24: =+G24*H24 -> 2993939.2
B26: SUBTOTAL COSTO PERSONAL TECNICO (2) | I26: =SUM(I24:I24) -> 2993939.2
A30: 2 | B30: GASTOS OPERACIONALES | K30: =SUM(I31:I34) -> 3753475.5
A31: 2.1 | B31: PAPELERIA | F31: MES | G31: 4 | H31: 70868.865 | I31: =H31*G31 -> 283475.46 | J31: =K30/K7 -> 0.0069707401
A32: 2.2 | B32: TRANSPORTE | F32: MES | G32: 4 | H32: 400000 | I32: =H32*G32 -> 1600000
A33: 2.3 | B33: ENSAYOS DE LABORATORIO (Densidades) | F33: U | G33: 10 | H33: 158500 | I33: =H33*G33 -> 1585000
A34: 2.4 | B34: ENSAYOS DE LABORATORIO (concreto) | F34: U | G34: 10 | H34: 28500 | I34: =H34*G34 -> 285000
A36: ITEM | B36: DESCRIPCION | F36: % | G36: TOMADO DEL COSTO DIRECTO OBRA | H36: PORCENTAJE VALOR | I36: VALOR POLIZA O RETENCION | J36: % | K36: Vr. PARCIAL
A37: 3 | B37: GASTOS DE LEGALIZACIÓN | K37: =SUM(I38:I43) -> 1285550
A38: 3.1 | B38: Estampillas Pro-desarrollo y Pro-cultura | F38: 1 | G38: =K8*F38 -> 35000000 | H38: 0.035 | I38: =H38*G38 -> 1225000 | J38: =K37/K7 -> 0.00238745
A39: 3.2 | B39: Póliza Anticipo | F39: 0.4 | G39: =K8*F39 -> 14000000 | H39: 0.0009 | I39: =H39*G39 -> 12600
A40: 3.3 | B40: Póliza Cumplimiento | F40: 0.1 | G40: =K8*F40 -> 3500000 | H40: 0.0007 | I40: =H40*G40 -> 2450
A41: 3.4 | B41: Póliza Prestaciones | F41: 0.1 | G41: =K8*F41 -> 3500000 | H41: 0.003 | I41: =H41*G41 -> 10500
A42: 3.5 | B42: Póliza Responsabilidad Civil | F42: 0.5 | G42: =K8*F42 -> 17500000 | H42: 0.0012 | I42: =H42*G42 -> 21000
A43: 3.6 | B43: Póliza Estabilidad | F43: 0.5 | G43: =K8*F43 -> 17500000 | H43: 0.0008 | I43: =H43*G43 -> 14000
A45: 1 | B45: COSTO TOTAL (1+2+3) | J45: =J38+J31+J12 -> 0.054621849 | K45: =K37+K30+K10 -> 29411765
A46: 2 | B46: IVA (19%) | J46: =K46/K7 -> 0.010378151 | K46: =K45*0.19 -> 5588235.3
B48: TOTAL INTERVENTORIA TECNICA | K48: =K45+K46 -> 35000000
B58: ARQ. CHEDID PABA PIÑERES
B59: Secretario de Planeación y Obras Públicas

Sheet FM INTERVENTORIA
A3: PROYECTO: CONSTRUCCION DEL PUESTO DE SALUD DEL CORREGIMIENTO DE ARMENIA, ZONA RURAL DEL MUNICIPIO DE PINILLOS, DEPARTAMENTO DE BOLIVAR
A5: CALCULO DEL FACTOR MULTIPLICADOR
A8: COMPONENTE | B8: DESCRIPCIÓN | C8: CALCULO | D8: VALOR (%)
A9: A | B9: SUELDOS O SALARIOS | D9: 1
A11: B | B11: PRESTACIONES SOCIALES
B12: Cesantías | C12: (%A) | D12: 0.11
B13: Intereses sobre las cesantías | C13: (%A) | D13: 0.01
B14: Prima anual (legal) | C14: (%A) | D14: 0.0833
B15: Vacaciones | C15: (%A) | D15: 0.0417
B16: Seguridad Social (salud) | C16: (%A) | D16: 0.085
B17: Seguridad Social (pensión) | C17: (%A) | D17: 0.12
B18: ARL | C18: (%A) | D18: 0.0696
B19: SENA | C19: (%A) | D19: 0.02
B20: ICBF | C20: (%A) | D20: 0.03
B21: Caja de Compensación Familiar | C21: (%A) | D21: 0.03
B22: Fondo de Solidaridad Pensional | C22: (%A) | D22: 0.005
B23: indemnizacion de ley | C23: (%A) | D23: 0.03
... B27: Implementos de Seguridad | C27: (%A) | D27: 0.0357
B28: Subtotal B | D28: =SUM(D12:D27) -> 0.7549
A30: C. | B30: SUMA A + B | D30: =+D9+D28 -> 1.7549
A32: D. | B32: HONORARIOS
B33: HONORARIOS | C33: (%A) | D33: 0.15
B34: Subtotal D | D34: =SUM(D33:D33) -> 0.15
A36: E. | B36: SUBTOTAL C + D | D36: =+D30+D34 -> 1.9049
B38: FACTOR MULTIPLICADOR ( Suma E ) | D38: =+D36 -> 1.9049
B39: FACTOR MULTIPLICADOR | D39: =+D38/100 -> 0.019049

Sheet CRONOGRAMA DE FLUJOS
A2: SECRETARIA DE PLANEACION Y OBRAS PUBLICAS
A3: PROYECTO: CONSTRUCCION DEL PUESTO DE SALUD DEL CORREGIMIENTO DE ARMENIA, ZONA RURAL DEL MUNICIPIO DE PINILLOS, DEPARTAMENTO DE BOLIVAR
A4: Cronograma de Actividasdes y Flujos de Inversion
A6: ITEM | B6: ACTIVIDADES - 6 MESES | C6: VALOR PRESUPUESTO DE OBRA | D6: MES 01 | E6: MES 02 | F6: MES 03 | G6: MES 04
A8: 1 | B8: OBRAS PRELIMINARES
A9: 1.1 | B9: Localizacion, trazado, replanteo y control topografico de la obra | C9: ='PRESUPUESTO OBRA'!G11 -> 1730177.4 | D9: =C9*0.25 -> 432544.34 | E9: =C9*0.25 -> 432544.34 | F9: =C9*0.25 -> 432544.34 | G9: =C9*0.25 -> 432544.34
A10: 1.2 | B10: Demolición de Estructura existente | C10: ='PRESUPUESTO OBRA'!G12 -> 5736185 | D10: =C10 -> 5736185
A11: 1.3 | B11: Perfilacion y nivelacion del terreno - Manual | C11: ='PRESUPUESTO OBRA'!G13 -> 4418549.9 | D11: =C11 -> 4418549.9
A12: 1.4 | B12: Relleno con material granular transportado compactado al 90%, Manual- (Relleno para Nivelacion de Terreno de Proyecto) | C12: ='PRESUPUESTO OBRA'!G14 -> 11001949 | D12: =C12 -> 11001949
A13: 1.5 | B13: Cargue, transporte y disposición final de material sobrante en sitio autorizado | C13: ='PRESUPUESTO OBRA'!G15 -> 3463344.6 | D13: =C13 -> 3463344.6
A14: SUB-TOTAL CAPITILO 01 | C14: =SUM(C9:C13) -> 26350206 | D14: =SUM(D9:D13) -> 25052572 | E14: =SUM(E9:E13) -> 432544.34 | F14: =SUM(F9:F13) -> 432544.34 | G14: =SUM(G9:G13) -> 432544.34
A15: 2 | B15: EXCAVACIONES, NIVELACIONES Y RELLENOS
A16: 2.1 | B16: Excavaciones manuales (No Incluye retiro de material sobrante) | C16: ='PRESUPUESTO OBRA'!G19 -> 1399202.4 | D16: =C16*0.7 -> 979441.67 | E16: =C16*0.3 -> 419760.71
A17: 2.2 | B17: Relleno con material comun de excavacion (Zapatas) | C17: ='PRESUPUESTO OBRA'!G20 -> 170372.16 | E17: =C17 -> 170372.16
A18: 2.3 | B18: Relleno con material granular transportado compactado al 90%, Manual con Canguro - (Relleno para Nivelacion de Area Construccion) | C18: ='PRESUPUESTO OBRA'!G21 -> 6247340.2 | E18: =C18 -> 6247340.2
A19: 2.4 | B19: Cargue, transporte y disposición final de material sobrante en sitio autorizado | C19: ='PRESUPUESTO OBRA'!G22 -> 1025364.5 | E19: =C19 -> 1025364.5
A20: SUB-TOTAL CAPITILO 02 | C20: =SUM(C16:C19) -> 8842279.2 | D20: =SUM(D16:D19) -> 979441.67 | E20: =SUM(E16:E19) -> 7862837.6 | F20: =SUM(F16:F19) -> 0 | G20: =SUM(G16:G19) -> 0
A21: 3 | B21: ESTRUCTURALES
A22: 3.1 | B22: Solado en concreto pobre 1500 p.s.i. (Estructura de Zapatas) | C22: ='PRESUPUESTO OBRA'!G26 -> 542901.33 | D22: =C22 -> 542901.33
A23: 3.2 | B23: Construcción de Zapatas en concreto 3000 p.s.i. modulacion 1,00 mts x 1,00 mts x alto 0,30 mts, incluye acero: en ambos sentidos de 1/2" cada 0,18 mts | C23: ='PRESUPUESTO OBRA'!G27 -> 1534692 | D23: =C23 -> 1534692
A24: 3.3 | B24: Construcción de Zapatas en concreto 3000 p.s.i. modulacion 0,60 mts x 0,60 mts x alto 0,25 mts, incluye acero: en ambos sentidos de 1/2" cada 0,18 mts | C24: ='PRESUPUESTO OBRA'!G28 -> 3042847 | D24: =C24*0.7 -> 2129992.9 | E24: =C24*0.3 -> 912854.1
A25: 3.4 | B25: Construcción de Zapatas en concreto 3000 p.s.i. modulacion 0,40 mts x 0,40 mts x alto 0,25 mts, incluye acero: en ambos sentidos de 1/2" cada 0,18 mts | C25: ='PRESUPUESTO OBRA'!G29 -> 2622802 | D25: =C25*0.7 -> 1835961.4 | E25: =C25*0.3 -> 786840.6
A26: 3.5 | B26: Construcción de Viga de Cimentacion en concreto de 3000 p.s.i, modulacion 0,25 mts x 0,25 mts, incluye acero: longitudinal 4 3/8" - Estnbos 3/8" cada 0,15 mts | C26: ='PRESUPUESTO OBRA'!G30 -> 20748403 | E26: =C26 -> 20748403
A27: 3.6 | B27: Construcción de Viga de Cimentacion en concreto de 3000 p.s.i, modulacion 0,25 mts x 0,25 mts, incluye acero: longitudinal 4 3/8" - Estnbos 3/8" cada 0,15 mts | C27: ='PRESUPUESTO OBRA'!G31 -> 19228092 | E27: =C27 -> 19228092
A28: 3.7 | B28: Construcción de Viga de Cimentacion en concreto de 3000 p.s.i, modulacion 0,15 mts x 0,25 mts, incluye acero: longitudinal 4 3/8" - Estnbos 3/8" cada 0,20 mts | C28: ='PRESUPUESTO OBRA'!G32 -> 3216169.9 | E28: =C28 -> 3216169.9
A29: 3.8 | B29: Construcción de Pedestal en concreto de 3000 p.s.i, modulacion 0,45 mts x 0,45 mts, incluye acero: longitudinal 8 Fe= 5/8" - Estnbos 3/8" cada 0,10 mts | C29: ='PRESUPUESTO OBRA'!G33 -> 1917120 | E29: =C29 -> 1917120
A30: 3.9 | B30: Construcción de Columnas en concreto de 3000 p.s.i, modulacion 0,30 mts x 0,30 mts, incluye acero: longitudinal 6 Fe= 1/2" - Estnbos 3/8" cada 0,10 mts | C30: ='PRESUPUESTO OBRA'!G34 -> 3961490.5 | E30: =C30 -> 3961490.5
A31: 3.10 | B31: Construcción de Columnas en concreto de 3000 p.s.i, modulacion 0,25 mts x 0,25 mts, incluye acero: longitudinal 4 Fe= 1/2" - Estnbos 3/8" cada 0,15 mts | C31: ='PRESUPUESTO OBRA'!G35 -> 10932121 | E31: =C31 -> 10932121
A32: 3.11 | B32: Construcción de Columnas en concreto de 3000 p.s.i, modulacion 0,20 mts x 0,25 mts, incluye acero: longitudinal 4 Fe= 3/8" - Estnbos 3/8" cada 0,15 mts | C32: ='PRESUPUESTO OBRA'!G36 -> 7781082.4 | E32: =C32 -> 7781082.4
A33: 3.12 | B33: Construcción de Viga Amarre en concreto 3000 p.s.i. 0.25 X 0.25 mts - 4 Fe= 3/8" - Estribos y ganchos Fe= 3/8 C/. 0,20 mts | C33: ='PRESUPUESTO OBRA'!G37 -> 14362180 | E33: =C33 -> 14362180
A34: 3.13 | B34: Construcción de Viga Amarre en concreto 3000 p.s.i. 0.20 X 0.25 mts - 4 Fe= 3/8" - Estribos y ganchos Fe= 3/8 C/. 0,20 mts | C34: ='PRESUPUESTO OBRA'!G38 -> 9080063.3 | E34: =C34 -> 9080063.3
A35: 3.14 | B35: Construcción de Viga Dintel en concreto de 3000 p.s.i, modulacion 0,10 mts x 0,15 mts, incluye acero: longitudinal 2 3/8" - Estnbos 3/8" cada 0,20 mts | C35: ='PRESUPUESTO OBRA'!G39 -> 3622108.1 | E35: =C35 -> 3622108.1
A36: 3.15 | B36: Construcción de Viga Superior en concreto 3000 p.s.i. 0.10 X 0.20 mts - 2 Fe= 3/8" - Estribos y ganchos Fe= 3/8 C/. 0,15 mts | C36: ='PRESUPUESTO OBRA'!G40 -> 18804250 | E36: =C36 -> 18804250
A37: 3.16 | B37: Construcción de Plantilla para pisos esp. 0,10 mts en concreto 3000 p.s.i. - Fe=1/4" temperatura Cada 0.40 mts ambos sentidos | C37: ='PRESUPUESTO OBRA'!G41 -> 33644194 | E37: =C37 -> 33644194
... A40: 3.19 | B40: Construcción de Placa de Tanque elevado en concreto 3000 p.s.i. espesor 10 cms, incluye acero: ambos sentidos de 1/2" cada 0,15 mts. | C40: ='PRESUPUESTO OBRA'!G44 -> 363618.72 | E40: =C40 -> 363618.72
A41: SUB-TOTAL CAPITILO 03 | C41: =SUM(C22:C40) -> 1.7216217e+08 | D41: =SUM(D22:D40) -> 6043547.6 | E41: =SUM(E22:E40) -> 1.6611862e+08 | F41: =SUM(F22:F40) -> 0 | G41: =SUM(G22:G40) -> 0
A42: 4 | B42: MAMPOSTERIA
A43: 4.1 | B43: Levante de muro de block No 4 | C43: ='PRESUPUESTO OBRA'!G48 -> 31604965 | E43: =C43 -> 31604965
A44: 4.2 | B44: Pañete para muros mortero: 1:4 imp . Esp = 2 cms (Muros) | C44: ='PRESUPUESTO OBRA'!G49 -> 41302180 | E44: =C44*0.3 -> 12390654 | F44: =C44*0.7 -> 28911526
A45: 4.3 | B45: Pañete para muros mortero: 1:4 imp . Esp = 2 cms (Lineal) | C45: ='PRESUPUESTO OBRA'!G50 -> 4465628.2 | F45: =C45 -> 4465628.2
A46: SUB-TOTAL CAPITILO 04 | C46: =SUM(C43:C45) -> 77372773 | D46: =SUM(D43:D45) -> 0 | E46: =SUM(E43:E45) -> 43995619 | F46: =SUM(F43:F45) -> 33377154 | G46: =SUM(G43:G45) -> 0
A47: 5 | B47: ACABADOS
A48: 5.1 | B48: Estuco para muros tipo 1 (estructuras y Muros) | C48: ='PRESUPUESTO OBRA'!G54 -> 17037051 | F48: =C48*0.5 -> 8518525.3 | G48: =C48*0.5 -> 8518525.3
A49: 5.2 | B49: Pintura tipo 1 para exteriores e interiores (2 manos) | C49: ='PRESUPUESTO OBRA'!G55 -> 17044112 | F49: =C49*0.5 -> 8522056.1 | G49: =C49*0.5 -> 8522056.1
A50: 5.3 | B50: Estampado de concreto de Placas de pisos de Anden exterior | C50: ='PRESUPUESTO OBRA'!G56 -> 4184216.8 | G50: =C50 -> 4184216.8
A51: 5.4 | B51: Cenefa en color azul con Pintura tipo 1 para interiores (2 manos) | C51: ='PRESUPUESTO OBRA'!G57 -> 1116735.9 | G51: =C51 -> 1116735.9
A52: 5.5 | B52: Suministro e instalación de cielo raso en PVC | C52: ='PRESUPUESTO OBRA'!G58 -> 20052225 | G52: =C52 -> 20052225
A53: 5.6 | B53: Suministro e instalación de enchape ceramico para piso | C53: ='PRESUPUESTO OBRA'!G59 -> 15145377 | F53: =C53 -> 15145377
A54: 5.7 | B54: Suministro e Instalación de Zocalo tipo media caña | C54: ='PRESUPUESTO OBRA'!G60 -> 5002307.1 | F54: =C54 -> 5002307.1
A55: 5.8 | B55: Pintura en Cal para exteriores (2 manos) - Muro de Cerramiento | C55: ='PRESUPUESTO OBRA'!G61 -> 5131594.7 | G55: =C55 -> 5131594.7
A56: 5.9 | B56: Suministro e instalación de enchape ceramico para Pisos de Baños | C56: ='PRESUPUESTO OBRA'!G62 -> 1971311.2 | G56: =C56 -> 1971311.2
A57: 5.10 | B57: Suministro e instalación de enchape ceramico para Muros de Baños | C57: ='PRESUPUESTO OBRA'!G63 -> 10114420 | G57: =C57 -> 10114420
A58: SUB-TOTAL CAPITILO 05 | C58: =SUM(C48:C57) -> 96799351 | D58: =SUM(D48:D57) -> 0 | E58: =SUM(E48:E57) -> 0 | F58: =SUM(F48:F57) -> 37188266 | G58: =SUM(G48:G57) -> 59611085
A59: 6 | B59: INSTALACIONES HIDRAULICAS
A60: 6.1 | B60: Suministro e instalación de tanque plastico de almacenamiento 1.000 lt (incluye flotador, accesorios y tuberias para su instalacion y funcionamiento) | C60: ='PRESUPUESTO OBRA'!G67 -> 970142 | F60: =C60 -> 970142
A61: 6.2 | B61: Instalación de puntos hidraulicos 1/2" | C61: ='PRESUPUESTO OBRA'!G68 -> 668496 | F61: =C61 -> 668496
A62: 6.3 | B62: Suministro e Instalación de acometida hidraulica en tuberia de 1/2" | C62: ='PRESUPUESTO OBRA'!G69 -> 825680 | F62: =C62 -> 825680
A63: 6.4 | B63: Suministro e Instalación de acometida hidraulica en tuberia de 3/4" | C63: ='PRESUPUESTO OBRA'!G70 -> 1576271 | F63: =C63 -> 1576271
A65: 6.5 | B65: Suministro e Instalación de extintores | C65: ='PRESUPUESTO OBRA'!G72 -> 303191 | G65: =C65 -> 303191
A66: SUB-TOTAL CAPITILO 06 | C66: =SUM(C60:C65) -> 4343780 | D66: =SUM(D60:D65) -> 0 | E66: =SUM(E60:E65) -> 0 | F66: =SUM(F60:F65) -> 4040589 | G66: =SUM(G60:G65) -> 303191
A67: 7 | B67: INSTALACIONES SANITARIAS
A68: 7.1 | B68: Suministro e instalación de combo sanitario + accesorios sanitarios | C68: ='PRESUPUESTO OBRA'!G76 -> 8878221 | G68: =C68 -> 8878221
A69: 7.2 | B69: Suministro e instalación de Lavamanos en Acero Inoxidable | C69: ='PRESUPUESTO OBRA'!G77 -> 373018 | G69: =C69 -> 373018
A70: 7.3 | B70: Suministro e instalacion de tanque septico de capacidad total 2000 lts incluye acometida de 4" y campo de infiltracion | C70: ='PRESUPUESTO OBRA'!G78 -> 8676439 | E70: =C70 -> 8676439
A71: 7.4 | B71: Instalación de puntos sanitarios de 2" | C71: ='PRESUPUESTO OBRA'!G79 -> 660920 | F71: =C71 -> 660920
A72: 7.5 | B72: Instalación de puntos sanitarios de 3" (incluye sifon) | C72: ='PRESUPUESTO OBRA'!G80 -> 927117 | F72: =C72 -> 927117
A73: 7.6 | B73: Instalación de puntos sanitarios de 4" - Sanitario | C73: ='PRESUPUESTO OBRA'!G81 -> 1293741 | F73: =C73 -> 1293741
A74: 7.7 | B74: Instalación de puntos sanitarios de 4" - Aguas Lluvias | C74: ='PRESUPUESTO OBRA'!G82 -> 574996 | F74: =C74 -> 574996
A75: 7.8 | B75: Suministro e Instalación de tuberia sanitaria de 2" | C75: ='PRESUPUESTO OBRA'!G83 -> 487605 | F75: =C75 -> 487605
A76: 7.9 | B76: Suministro e Instalación de tuberia sanitaria de 3" | C76: ='PRESUPUESTO OBRA'!G84 -> 362700 | F76: =C76 -> 362700
A77: 7.10 | B77: Suministro e instalación de tubería sanitaria de 2" - Tubería de ventilación húmeda | C77: ='PRESUPUESTO OBRA'!G85 -> 877689 | F77: =C77 -> 877689
A78: 7.11 | B78: Suministro e Instalación de tuberia de pvc 4" - Generales | C78: ='PRESUPUESTO OBRA'!G86 -> 6112012.5 | F78: =C78 -> 6112012.5
A79: 7.12 | B79: Suministro e instalación de Poceta o Lavadero | C79: ='PRESUPUESTO OBRA'!G87 -> 278518 | G79: =C79 -> 278518
A80: 7.13 | B80: Construcción de Registro Sanitario en concreto de 3000 p.s.i. (control y limpieza) | C80: ='PRESUPUESTO OBRA'!G88 -> 3042912 | F80: =C80 -> 3042912
A81: SUB-TOTAL CAPITILO 07 | C81: =SUM(C68:C80) -> 32545888 | D81: =SUM(D68:D80) -> 0 | E81: =SUM(E68:E80) -> 8676439 | F81: =SUM(F68:F80) -> 14339692 | G81: =SUM(G68:G80) -> 9529757
A82: 8 | B82: INSTALACIONES ELECTRICAS
A83: 8.1 | B83: Suministro e instalacion de tablero 8 circuitos | C83: ='PRESUPUESTO OBRA'!G92 -> 1063574 | F83: =C83 -> 1063574
A84: 8.2 | B84: Suministro e Instalación de toma corriente doble | C84: ='PRESUPUESTO OBRA'!G93 -> 763802 | G84: =C84 -> 763802
A85: 8.3 | B85: Suministro e Instalación de interruptor sencillo | C85: ='PRESUPUESTO OBRA'!G94 -> 287098 | G85: =C85 -> 287098
A86: 8.4 | B86: Suministro e Instalación de Salida para luces (incluye lamparas led redondas 18W) | C86: ='PRESUPUESTO OBRA'!G95 -> 1774890 | G86: =C86 -> 1774890
A87: 8.5 | B87: Suministro e instalación de ventiladores de Giro Horizontal | C87: ='PRESUPUESTO OBRA'!G96 -> 2318885 | G87: =C87 -> 2318885
A88: 8.6 | B88: Instalación de Puntos electricos 110v (incluye acometida) | C88: ='PRESUPUESTO OBRA'!G97 -> 13889928 | F88: =C88 -> 13889928
A89: 8.7 | B89: Instalación de Puntos electricos 220v (incluye acometida) | C89: ='PRESUPUESTO OBRA'!G98 -> 4462207 | F89: =C89 -> 4462207
A90: 8.8 | B90: Suministro e Instalación de toma mirada china | C90: ='PRESUPUESTO OBRA'!G99 -> 270721 | G90: =C90 -> 270721
A91: 8.9 | B91: Suministro e Instalación de lamparas tipo LED - tortuga | C91: ='PRESUPUESTO OBRA'!G100 -> 404808 | G91: =C91 -> 404808
A92: 8.10 | B92: Suministro e Instalación de Interruptores dobles | C92: ='PRESUPUESTO OBRA'!G101 -> 194728 | G92: =C92 -> 194728
A93: 8.11 | B93: Suministro e instalacion de aire mini split 2 hp | C93: ='PRESUPUESTO OBRA'!G102 -> 19850558 | G93: =C93 -> 19850558
A94: 8.12 | B94: Registro Electrico en concreto de 3000 p.s.i. - Control electrico | C94: ='PRESUPUESTO OBRA'!G103 -> 1014304 | F94: =C94 -> 1014304
A95: SUB-TOTAL CAPITILO 08 | C95: =SUM(C83:C94) -> 46295503 | D95: =SUM(D83:D94) -> 0 | E95: =SUM(E83:E94) -> 0 | F95: =SUM(F83:F94) -> 20430013 | G95: =SUM(G83:G94) -> 25865490
A96: 9 | B96: CUBIERTAS
A97: 9.1 | B97: Suministro e instalación de cubierta arquitectonica | C97: ='PRESUPUESTO OBRA'!G107 -> 25275576 | F97: =C97 -> 25275576
A98: 9.2 | B98: Impermeabilizacion de Placa de Viga Canal, Incluye Mortero de Nivelacion | C98: ='PRESUPUESTO OBRA'!G108 -> 3241054.1 | F98: =C98 -> 3241054.1
A99: 9.3 | B99: Suministro e instalación de Correas de cubierta en Perfil de 3" x 1 1/2" Cal. 16 | C99: ='PRESUPUESTO OBRA'!G109 -> 5396976 | F99: =C99 -> 5396976
A100: SUB-TOTAL CAPITILO 09 | C100: =SUM(C97:C99) -> 33913606 | D100: =SUM(D97:D99) -> 0 | E100: =SUM(E97:E99) -> 0 | F100: =SUM(F97:F99) -> 33913606 | G100: =SUM(G97:G99) -> 0
A101: 10 | B101: CARPINTERIA METALICA
A102: 10.1 | B102: Suministro e instalación de puertas Exteriores en Aluminio TIPO 762 | C102: ='PRESUPUESTO OBRA'!G113 -> 3621411 | G102: =C102 -> 3621411
A103: 10.2 | B103: Suministro e instalación de puertas en Aluminio | C103: ='PRESUPUESTO OBRA'!G114 -> 14397639 | G103: =C103 -> 14397639
A104: 10.3 | B104: Suministro e instalación de Ventanas en Aluminio | C104: ='PRESUPUESTO OBRA'!G115 -> 11129618 | G104: =C104 -> 11129618
A105: 10.4 | B105: Suministro e instalación de Ventanas en Vidrio de seguridad 12mm | C105: ='PRESUPUESTO OBRA'!G116 -> 1178985.6 | G105: =C105 -> 1178985.6
A106: 10.5 | B106: Suministro e Instalacion de Porton para acceso Administracion | C106: ='PRESUPUESTO OBRA'!G117 -> 1752103 | F106: =C106 -> 1752103
...

Sheet CANT. DE OBRA 
A1: ALCALDIA MUNICIPAL DE PINILLOS
A2: DEPARTAMENTO DE BOLIVAR
A3: SECRETARIA DE PLANEACION Y OBRAS PUBLICAS
A4: PROYECTO: CONSTRUCCION DEL PUESTO DE SALUD DEL CORREGIMIENTO DE ARMENIA, ZONA RURAL DEL MUNICIPIO DE PINILLOS, DEPARTAMENTO DE BOLIVAR
A5: CUADRO DE CANTIDADES DE OBRA
A7: ITEM | B7: 1.1 - Localizacion, trazado, replanteo y control topografico de la obra | O7: UNIDAD | P7: M2
B9: LOCALIZACIÓN | D9: Area Irregular m2 | E9: DIMENSIONES | H9: CANTIDAD | I9: CANTIDAD EN M2 | J9: UNIDAD | K9: TOTAL
E10: Largo | F10: Ancho | G10: Alto | K10: ACUMULADO
B11: AREA CONSTRUCCION NUEVA TOTAL | D11: 0 | E11: 28.84 | F11: 21.38 | G11: 0 | H11: 1 | I11: =E11*F11 -> 616.5992 | J11: M2 | K11: =I11*H11 -> 616.5992
A12: CANTIDAD TOTAL | K12: =SUM(K11) -> 616.5992
A14: ITEM | B14: 1.2 - Demolición de Estructura existente | O14: UNIDAD | P14: M2
B16: LOCALIZACIÓN | D16: Area Irregular m2 | E16: DIMENSIONES | H16: CANTIDAD | I16: CANTIDAD EN M2 | J16: UNIDAD | K16: TOTAL
E17: Largo | F17: Ancho | G17: Alto | K17: ACUMULADO
B18: MURO CERRAMIENTO FRONTAL | D18: 450.25 | E18: 0 | F18: 0 | G18: 0 | H18: 1 | I18: =D18 -> 450.25 | J18: M2 | K18: =I18*H18 -> 450.25
A19: CANTIDAD TOTAL | K19: =SUM(K18) -> 450.25
A21: ITEM | B21: 1.3 - Perfilacion y nivelacion del terreno - Manual | O21: UNIDAD | P21: M2
B23: LOCALIZACIÓN | D23: Area Irregular m2 | E23: DIMENSIONES | H23: CANTIDAD | I23: CANTIDAD EN M2 | J23: UNIDAD | K23: TOTAL
E24: Largo | F24: Ancho | G24: Alto | K24: ACUMULADO
B25: AREA CONSTRUCCION NUEVA PATIO | D25: 0 | E25: 28.84 | F25: 21.38 | G25: 0 | H25: 1 | I25: =E25*F25 -> 616.5992 | J25: M2 | K25: =I25*H25 -> 616.5992
A26: CANTIDAD TOTAL | K26: =SUM(K25) -> 616.5992
A28: ITEM | B28: 1,4 - Relleno con material granular transportado compactado al 90%, Manual- (Relleno para Nivelacion de Terreno de Proyecto) | O28: UNIDAD | P28: M3
B30: LOCALIZACIÓN | D30: DIMENSIONES | H30: CANTIDAD | I30: CANTIDAD EN M3 | J30: DESC M3 ESTRUCTURAS | K30: UNIDAD | L30: TOTAL
D31: Area M2 | E31: Largo | F31: Ancho | G31: Alto | L31: ACUMULADO
B32: AREA CONSTRUCCION NUEVA PATIO | D32: 0 | E32: 28.84 | F32: 21.38 | G32: 0.15 | H32: 1 | I32: =E32*F32*G32 -> 92.48988 | J32: 0 | K32: M3 | L32: =I32*H32 -> 92.48988
A33: CANTIDAD TOTAL | L33: =SUM(L32) -> 92.48988
A35: ITEM | B35: 1.5 - Cargue, transporte y disposición final de material sobrante en sitio autorizado | O35: UNIDAD | P35: M3
B37: LOCALIZACIÓN | D37: volumen de Expansion % | E37: DIMENSIONES | H37: CANTIDAD | I37: CANTIDAD EN M3 | J37: UNIDAD | K37: TOTAL
E38: CANTIDAD M2 | G38: Espesor | K38: ACUMULADO
B39: PERFILACION | D39: 1 | E39: =K26 -> 616.5992 | G39: 0.1 | H39: 1 | I39: =E39*G39 -> 61.65992 | J39: M3 | K39: =I39*D39 -> 61.65992
B40: DEMOLICIONES | D40: 1 | E40: =K19 -> 450.25 | G40: 0.13 | H40: 1 | I40: =E40*G40 -> 58.5325 | J40: M3 | K40: =I40*D40 -> 58.5325
A41: CANTIDAD TOTAL | K41: =SUM(K39:K40) -> 120.19242
A43: ITEM | B43: 2,1 Excavaciones manuales (No Incluye retiro de material sobrante) | O43: UNIDAD | P43: M3
B45: LOCALIZACIÓN | E45: DIMENSIONES | H45: CANTIDAD | I45: CANTIDAD EN M3 | J45: UNIDAD | K45: TOTAL
E46: Largo | F46: Ancho | G46: Alto | K46: ACUMULADO
B47: ZAPATAS 01 - 1,0 X 1,0 MTS - (OBRA) | E47: 1 | F47: 1 | G47: 1.2 | H47: 4 | I47: =(E47*F47*G47) -> 1.2 | J47: M3 | K47: =I47*H47 -> 4.8
B48: ZAPATAS 02 - 0,6 X 0,6 MTS - (OBRA) | E48: 0.6 | F48: 0.6 | G48: 0.9 | H48: 17 | I48: =(E48*F48*G48) -> 0.324 | J48: M3 | K48: =I48*H48 -> 5.508
B49: ZAPATAS 03 - 0,4 X 0,4 MTS - (CERRAMIENTO) | E49: 0.4 | F49: 0.4 | G49: 0.8 | H49: 26 | I49: =(E49*F49*G49) -> 0.128 | J49: M3 | K49: =I49*H49 -> 3.328
B50: CIMENTACION 01 - 0,30 X 0,30 MTS (OBRA) | E50: 19.3 | F50: 0.3 | G50: 0.3 | H50: 3 | I50: =(E50*F50*G50) -> 1.737 | J50: M3 | K50: =I50*H50 -> 5.211
B51: CIMENTACION 01 - 0,30 X 0,30 MTS (OBRA) | E51: 8.53 | F51: 0.3 | G51: 0.3 | H51: 7 | I51: =(E51*F51*G51) -> 0.7677 | J51: M3 | K51: =I51*H51 -> 5.3739
B52: CIMENTACION 02 - 0,25 X 0,25 MTS (ANDEN INTERNO) | E52: 52.26 | F52: 0.25 | G52: 0.25 | H52: 1 | I52: =(E52*F52*G52) -> 3.26625 | J52: M3 | K52: =I52*H52 -> 3.26625
B53: CIMENTACION 02 - 0,25 X 0,25 MTS (ANDEN INTERNO) | E53: 0.85 | F53: 0.25 | G53: 0.25 | H53: 3 | I53: =(E53*F53*G53) -> 0.053125 | J53: M3 | K53: =I53*H53 -> 0.159375
B54: CIMENTACION 02 - 0,25 X 0,25 MTS (VOLUMEN EXTERNO) | E54: 10.7 | F54: 0.25 | G54: 0.25 | H54: 1 | I54: =(E54*F54*G54) -> 0.66875 | J54: M3 | K54: =I54*H54 -> 0.66875
B55: CIMENTACION 02 - 0,25 X 0,25 MTS (VOLUMEN EXTERNO) | E55: 0.85 | F55: 0.25 | G55: 0.25 | H55: 3 | I55: =(E55*F55*G55) -> 0.053125 | J55: M3 | K55: =I55*H55 -> 0.159375
B56: CIMENTACION 02 - 0,25 X 0,25 MTS (VOLUMEN EXTERNO) | E56: 1.35 | F56: 0.25 | G56: 0.25 | H56: 1 | I56: =(E56*F56*G56) -> 0.084375 | J56: M3 | K56: =I56*H56 -> 0.084375
B57: CIMENTACION 02 - 0,25 X 0,25 MTS (CERRAMIENTO) | E57: 85.23 | F57: 0.25 | G57: 0.25 | H57: 1 | I57: =(E57*F57*G57) -> 5.326875 | J57: M3 | K57: =I57*H57 -> 5.326875
B58: CIMENTACION 03 - 0,15 X 0,25 MTS (ANDEN EXTERIOR) | E58: 33.08 | F58: 0.15 | G58: 0.25 | H58: 1 | I58: =(E58*F58*G58) -> 1.2405 | J58: M3 | K58: =I58*H58 -> 1.2405
B59: TANQUE SEPTICO - 2,30 X 1,25 X 1,15 MTS | E59: 2.5 | F59: 1.5 | G59: 1.6 | H59: 1 | I59: =(E59*F59*G59) -> 6 | J59: M3 | K59: =I59*H59 -> 6
A60: CANTIDAD TOTAL | K60: =SUM(K47:K59) -> 41.1264
A62: ITEM | B62: 2,2 Relleno con material comun de excavacion (Zapatas) | O62: UNIDAD | P62: M3
B64: LOCALIZACIÓN | D64: DESCUENTO M3 | E64: DIMENSIONES | H64: CANTIDAD | I64: CANTIDAD EN M3 | J64: UNIDAD | K64: TOTAL
E65: Largo | F65: Ancho | G65: Alto | K65: ACUMULADO
B66: ZAPATAS 01 - 1,0 X 1,0 MTS - (OBRA) | D66: =(0.45*0.45*0.7*H66) -> 0.567 | E66: 1 | F66: 1 | G66: 0.7 | H66: 4 | I66: =(E66*F66*G66) -> 0.7 | J66: M3 | K66: =(I66*H66)-D66 -> 2.233
B67: ZAPATAS 02 - 0,6 X 0,6 MTS - (OBRA) | D67: =(0.3*0.3*0.5*H67) -> 0.765 | E67: 0.6 | F67: 0.6 | G67: 0.5 | H67: 17 | I67: =(E67*F67*G67) -> 0.18 | J67: M3 | K67: =(I67*H67)-D67 -> 2.295
B68: ZAPATAS 03 - 0,4 X 0,4 MTS - (CERRAMIENTO) | D68: =(0.25*0.25*0.4*H68) -> 0.65 | E68: 0.4 | F68: 0.4 | G68: 0.4 | H68: 26 | I68: =(E68*F68*G68) -> 0.064 | J68: M3 | K68: =(I68*H68)-D68 -> 1.014
A69: CANTIDAD TOTAL | K69: =SUM(K66:K68) -> 5.542
A71: ITEM | B71: 2,3 Relleno con material granular transportado compactado al 90%, Manual con Canguro - (Relleno para Nivelacion de Area Construccion) | O71: UNIDAD | P71: M3
B73: LOCALIZACIÓN | D73: DIMENSIONES | H73: CANTIDAD | I73: CANTIDAD EN M3 | J73: DESC M3 ESTRUCTURAS | K73: UNIDAD | L73: TOTAL
D74: Area M2 | E74: Largo | F74: Ancho | G74: Alto | L74: ACUMULADO
B75: AREA CONSTRUCCION NUEVA | D75: 0 | E75: 18.4 | F75: 8.23 | G75: 0.2 | H75: 1 | I75: =E75*F75*G75 -> 30.2864 | J75: 0 | K75: M3 | L75: =I75*H75 -> 30.2864
B76: AREA ANDEN INTERNO | D76: 45.09 | E76: 0 | F76: 0 | G76: 0.2 | H76: 1 | I76: =D76*G76 -> 9.018 | J76: 0 | K76: M3 | L76: =I76*H76 -> 9.018
B77: AREA ANDEN EXTERIOR | D77: 57.06 | E77: 0 | F77: 0 | G77: 0.2 | H77: 1 | I77: =D77*G77 -> 11.412 | J77: 0 | K77: M3 | L77: =I77*H77 -> 11.412
B78: ZAPATAS 01 - 1,0 X 1,0 MTS - (OBRA) | D78: 0 | E78: 1 | F78: 1 | G78: 0.1 | H78: 4 | I78: =E78*F78*G78 -> 0.1 | J78: 0 | K78: M3 | L78: =H78*I78 -> 0.4
B79: ZAPATAS 02 - 0,6 X 0,6 MTS - (OBRA) | D79: 0 | E79: 0.6 | F79: 0.6 | G79: 0.1 | H79: 17 | I79: =E79*F79*G79 -> 0.036 | J79: 0 | K79: M3 | L79: =H79*I79 -> 0.612
B80: ZAPATAS 03 - 0,4 X 0,4 MTS - (CERRAMIENTO) | D80: 0 | E80: 0.4 | F80: 0.4 | G80: 0.1 | H80: 26 | I80: =E80*F80*G80 -> 0.016 | J80: 0 | K80: M3 | L80: =H80*I80 -> 0.416
B81: TANQUE SEPTICO - 2,30 X 1,25 X 1,15 MTS | D81: 0 | E81: 2.5 | F81: 1.5 | G81: 0.1 | H81: 1 | I81: =E81*F81*G81 -> 0.375 | J81: 0 | K81: M3 | L81: =H81*I81 -> 0.375
A82: CANTIDAD TOTAL | L82: =SUM(L75:L81) -> 52.5194
A84: ITEM | B84: 2,5 - Cargue, transporte y disposición final de material sobrante en sitio autorizado | O84: UNIDAD | P84: M3
B86: LOCALIZACIÓN | D86: volumen de Expansion % | E86: DIMENSIONES | H86: CANTIDAD | I86: CANTIDAD EN M3 | J86: UNIDAD | K86: TOTAL
E87: Largo | F87: Ancho | G87: Alto | K87: ACUMULADO
B88: MATERIAL DE EXCAVACIONES MANUALES | D88: 1 | E88: 0 | F88: 0 | G88: 0 | H88: 1 | I88: =K60-K69 -> 35.5844 | J88: M2 | K88: =I88*D88 -> 35.5844
A89: CANTIDAD TOTAL | K89: =SUM(K88:K88) -> 35.5844
A91: ITEM | B91: 3,1 Solado en concreto pobre 1500 p.s.i. (Estructura de Zapatas) | O91: UNIDAD | P91: M3
B93: LOCALIZACIÓN | E93: DIMENSIONES | H93: CANTIDAD | I93: CANTIDAD EN M3 | J93: UNIDAD | K93: TOTAL
E94: Largo | F94: Ancho | G94: Alto | K94: ACUMULADO
B95: ZAPATAS 01 - 1,0 X 1,0 MTS - (OBRA) | E95: 1 | F95: 1 | G95: 0.05 | H95: 4 | I95: =(E95*F95*G95) -> 0.05 | J95: M3 | K95: =I95*H95 -> 0.2
B96: ZAPATAS 02 - 0,6 X 0,6 MTS - (OBRA) | E96: 0.6 | F96: 0.6 | G96: 0.05 | H96: 17 | I96: =(E96*F96*G96) -> 0.018 | J96: M3 | K96: =I96*H96 -> 0.306
B97: ZAPATAS 03 - 0,4 X 0,4 MTS - (CERRAMIENTO) | E97: 0.4 | F97: 0.4 | G97: 0.05 | H97: 26 | I97: =(E97*F97*G97) -> 0.008 | J97: M3 | K97: =I97*H97 -> 0.208
B98: TANQUE SEPTICO - 2,30 X 1,25 X 1,15 MTS | E98: 2.5 | F98: 1.5 | G98: 0.05 | H98: 1 | I98: =(E98*F98*G98) -> 0.1875 | J98: M3 | K98: =I98*H98 -> 0.1875
A99: CANTIDAD TOTAL | K99: =SUM(K95:K98) -> 0.9015
A101: ITEM | B101: 3,2 Construcción de Zapatas en concreto 3000 p.s.i. modulacion 1,00 mts x 1,00 mts x alto 0,30 mts, incluye acero: en ambos sentidos de 1/2" cada 0,18 mts | O101: UNIDAD | P101: U
B103: LOCALIZACIÓN | E103: DIMENSIONES | H103: CANTIDAD | I103: CANTIDAD EN U | J103: UNIDAD | K103: TOTAL
E104: Largo | F104: Ancho | G104: Alto | K104: ACUMULADO
B105: ZAPATAS 01 - 1,0 X 1,0 MTS - (OBRA) | E105: 1 | F105: 1 | G105: 0.3 | H105: 4 | I105: 1 | J105: U | K105: =I105*H105 -> 4
A106: CANTIDAD TOTAL | K106: =SUM(K105:K105) -> 4
A108: ITEM | B108: 3,2 Construcción de Zapatas en concreto 3000 p.s.i. modulacion 0,60 mts x 0,60 mts x alto 0,25 mts, incluye acero: en ambos sentidos de 1/2" cada 0,18 mts | O108: UNIDAD | P108: U
B110: LOCALIZACIÓN | E110: DIMENSIONES | H110: CANTIDAD | I110: CANTIDAD EN U | J110: UNIDAD | K110: TOTAL
E111: Largo | F111: Ancho | G111: Alto | K111: ACUMULADO
B112: ZAPATAS 02 - 0,6 X 0,6 MTS - (OBRA) | E112: 0.6 | F112: 0.6 | G112: 0.25 | H112: 17 | I112: 1 | J112: U | K112: =I112*H112 -> 17
A113: CANTIDAD TOTAL | K113: =SUM(K112:K112) -> 17
A115: ITEM | B115: 3,4 Construcción de Zapatas en concreto 3000 p.s.i. modulacion 0,40 mts x 0,40 mts x alto 0,25 mts, incluye acero: en ambos sentidos de 1/2" cada 0,18 mts | O115: UNIDAD | P115: U
B117: LOCALIZACIÓN | E117: DIMENSIONES | H117: CANTIDAD | I117: CANTIDAD EN U | J117: UNIDAD | K117: TOTAL
E118: Largo | F118: Ancho | G118: Alto | K118: ACUMULADO
B119: ZAPATAS 03 - 0,4 X 0,4 MTS - (CERRAMIENTO) | E119: 0.4 | F119: 0.4 | G119: 0.25 | H119: 26 | I119: 1 | J119: U | K119: =I119*H119 -> 26
A120: CANTIDAD TOTAL | K120: =SUM(K119:K119) -> 26
A122: ITEM | B122: 3,5 Construcción de Viga de Cimentacion en concreto de 3000 p.s.i, modulacion 0,30 mts x 0,30 mts, incluye acero: longitudinal 6 1/2" - Estnbos 3/8" cada 0,20 mts | O122: UNIDAD | P122: M
B124: LOCALIZACIÓN | E124: DIMENSIONES | H124: CANTIDAD | I124: CANTIDAD EN M | J124: UNIDAD | K124: TOTAL
E125: Largo | F125: Ancho | G125: Alto | K125: ACUMULADO
B126: CIMENTACION 01 - 0,30 X 0,30 MTS (OBRA) | E126: 19.3 | F126: 0.3 | G126: 0.3 | H126: 3 | I126: =E126 -> 19.3 | J126: M | K126: =I126*H126 -> 57.9
B127: CIMENTACION 01 - 0,30 X 0,30 MTS (OBRA) | E127: 8.53 | F127: 0.3 | G127: 0.3 | H127: 7 | I127: =E127 -> 8.53 | J127: M | K127: =I127*H127 -> 59.71
A128: CANTIDAD TOTAL | K128: =SUM(K126:K127) -> 117.61
...

Sheet APU -BASICOS
A1: ALCALDIA MUNICIPAL DE PINILLOS | G1: ANÁLISIS DE PRECIOS UNITARIOS
A2: DEPARTAMENTO DE BOLIVAR
A3: SECRETARIA DE PLANEACION Y OBRAS PUBLICAS | G3: CONCRETO - 3500 P.S.I.
A6: PROYECTO: CONSTRUCCION DEL PUESTO DE SALUD DEL CORREGIMIENTO DE ARMENIA, ZONA RURAL DEL MUNICIPIO DE PINILLOS, DEPARTAMENTO DE BOLIVAR
G11: UNIDAD : | H11: M3
A13: I. EQUIPO
A14: Descripción | D14: Tipo | E14: Tarifa alquiler | F14: Rendimiento | G14: Valor-Unit.
A15: MEZCLADOR DE CONCRETO | E15: ='HERRAMIENTAS Y EQUIPOS'!C21 -> 100000 | F15: 8 | G15: =+E15/F15 -> 12500
A16: HERRAMIENTAS MENORES | G16: 15000
G18: Sub-Total | H18: =SUM(G15:G17) -> 27500
A19: II. MATERIALES EN OBRA
A20: Descripción | D20: Unidad | E20: Precio-Unit. | F20: Cantidad | G20: Valor-Unit.
A21: CEMENTO GRIS | D21: Kg | E21: =MATERIALES!F10 -> 850 | F21: =8.3*50 -> 415 | G21: =F21*E21 -> 352750
A22: PIEDRA 3/4" SELECCIONADA | D22: M3 | E22: =MATERIALES!C12 -> 162000 | F22: 0.774 | G22: =F22*E22 -> 125388
A23: ARENA GRUESA | D23: M3 | E23: =MATERIALES!F14 -> 81000 | F23: 0.488 | G23: =F23*E23 -> 39528
A24: AGUA | D24: LITRO | E24: =MATERIALES!F16 -> 50 | F24: =25*8.3 -> 207.5 | G24: =F24*E24 -> 10375
A25: DESPERDICIO DE MATERIALES 5% | E25: =SUM(G21:G24) -> 528041 | F25: 0.05 | G25: =F25*E25 -> 26402.05
G26: Sub-Total | H26: =SUM(G21:G25) -> 554443.05
A27: III. TRANSPORTES
A28: Material | C28: Vol. Peso ó Cant. | D28: Distancia | E28: M3-Km | F28: Tarifa | G28: Valor-Unit.
A29: CEMENTO | C29: 0.455 | D29: 15 | E29: =D29*C29 -> 6.825 | F29: 1100 | G29: =F29*E29 -> 7507.5
A30: TRITURADO | C30: =F22 -> 0.774 | D30: 15 | E30: =D30*C30 -> 11.61 | F30: 1100 | G30: =F30*E30 -> 12771
A31: ARENA | C31: =F23 -> 0.488 | D31: 15 | E31: =D31*C31 -> 7.32 | F31: 1100 | G31: =F31*E31 -> 8052
A32: AGUA | C32: 0.2 | D32: 15 | E32: =D32*C32 -> 3 | F32: 1100 | G32: =F32*E32 -> 3300
G33: Sub-Total | H33: =SUM(G29:G32) -> 31630.5
A34: IV. MANO DE OBRA
A35: Trabajador | C35: Jornal | D35: Prestaciones | E35: Jornal Total | F35: Rendimiento | G35: Valor-Unit.
G38: Sub-Total | H38: =SUM(G36:G37) -> 0
E40: TOTAL COSTO DIRECTO | H40: =ROUND((H18+H26+H33+H38),0) -> 613574
A57: ALCALDIA MUNICIPAL DE PINILLOS | G57: ANÁLISIS DE PRECIOS UNITARIOS
A58: DEPARTAMENTO DE BOLIVAR
A59: SECRETARIA DE PLANEACION Y OBRAS PUBLICAS | G59: CONCRETO - 3000 P.S.I.
A62: PROYECTO: CONSTRUCCION DEL PUESTO DE SALUD DEL CORREGIMIENTO DE ARMENIA, ZONA RURAL DEL MUNICIPIO DE PINILLOS, DEPARTAMENTO DE BOLIVAR
G67: UNIDAD : | H67: M3
A69: I. EQUIPO
A70: Descripción | D70: Tipo | E70: Tarifa/Dia | F70: Rendimiento | G70: Valor-Unit.
A71: MEZCLADOR DE CONCRETO | E71: ='[2]HERRAMIENTAS Y EQUIPOS'!C20 -> 100000 | F71: 8 | G71: =+E71/F71 -> 12500
A72: HERRAMIENTAS MENORES | G72: 15000
G74: Sub-Total | H74: =SUM(G71:G73) -> 27500
A75: II. MATERIALES EN OBRA
A76: Descripción | D76: Unidad | E76: Precio-Unit. | F76: Cantidad | G76: Valor-Unit.
A77: CEMENTO GRIS | D77: Kg | E77: =MATERIALES!F10 -> 850 | F77: =7.6*50 -> 380 | G77: =F77*E77 -> 323000
A78: PIEDRA 3/4" SELECCIONADA | D78: M3 | E78: =MATERIALES!C12 -> 162000 | F78: 0.77 | G78: =F78*E78 -> 124740
A79: ARENA GRUESA | D79: M3 | E79: =MATERIALES!F14 -> 81000 | F79: 0.523 | G79: =F79*E79 -> 42363
A80: AGUA | D80: LITRO | E80: =MATERIALES!F16 -> 50 | F80: =29*7.6 -> 220.4 | G80: =F80*E80 -> 11020
A81: DESPERDICIO DE MATERIALES 5% | E81: =SUM(G77:G80) -> 501123 | F81: 0.05 | G81: =F81*E81 -> 25056.15
G82: Sub-Total | H82: =SUM(G77:G81) -> 526179.15
A83: III. TRANSPORTES
A84: Material | C84: Vol. Peso ó Cant. | D84: Distancia | E84: M3-Km | F84: Tarifa | G84: Valor-Unit.
A85: CEMENTO | C85: 0.455 | D85: 15 | E85: =D85*C85 -> 6.825 | F85: 1100 | G85: =F85*E85 -> 7507.5
A86: TRITURADO | C86: =F78 -> 0.77 | D86: 15 | E86: =D86*C86 -> 11.55 | F86: 1100 | G86: =F86*E86 -> 12705
A87: ARENA | C87: =F79 -> 0.523 | D87: 15 | E87: =D87*C87 -> 7.845 | F87: 1100 | G87: =F87*E87 -> 8629.5
A88: AGUA | C88: 0.2 | D88: 15 | E88: =D88*C88 -> 3 | F88: 1100 | G88: =F88*E88 -> 3300
G89: Sub-Total | H89: =SUM(G85:G88) -> 32142
A90: IV. MANO DE OBRA
A91: Trabajador | C91: Jornal | D91: Prestaciones | E91: Jornal Total | F91: Rendimiento | G91: Valor-Unit.
G94: Sub-Total | H94: =SUM(G92:G93) -> 0
E96: TOTAL COSTO DIRECTO | H96: =ROUND((H74+H82+H89+H94),0) -> 585821
A113: ALCALDIA MUNICIPAL DE PINILLOS | G113: ANÁLISIS DE PRECIOS UNITARIOS
A114: DEPARTAMENTO DE BOLIVAR
A115: SECRETARIA DE PLANEACION Y OBRAS PUBLICAS
G116: MORTERO 1:4 impermeabilizado
A118: PROYECTO: CONSTRUCCION DEL PUESTO DE SALUD DEL CORREGIMIENTO DE ARMENIA, ZONA RURAL DEL MUNICIPIO DE PINILLOS, DEPARTAMENTO DE BOLIVAR
G123: UNIDAD : | H123: M3
A125: I. EQUIPO
A126: Descripción | D126: Tipo | E126: Tarifa/Dia | F126: Rendimiento | G126: Valor-Unit.
A127: MEZCLADOR DE CONCRETO | E127: ='HERRAMIENTAS Y EQUIPOS'!C21 -> 100000 | F127: 8 | G127: =+E127/F127 -> 12500
G130: Sub-Total | H130: =SUM(G127:G129) -> 12500
A131: II. MATERIALES EN OBRA
A132: Descripción | D132: Unidad | E132: Precio-Unit. | F132: Cantidad | G132: Valor-Unit.
A133: CEMENTO GRIS | D133: Kg | E133: =MATERIALES!F10 -> 850 | F133: 364 | G133: =F133*E133 -> 309400
A134: ARENA DELGADA | D134: M3 | E134: =MATERIALES!F15 -> 81000 | F134: 1.16 | G134: =F134*E134 -> 93960
A135: AGUA | D135: LITRO | E135: =MATERIALES!F16 -> 50 | F135: 220 | G135: =F135*E135 -> 11000
A136: IMPERMEABILZANTE TIPO SIKA 1 | D136: Kg | E136: =MATERIALES!F29 -> 18200 | F136: 10.92 | G136: =F136*E136 -> 198744
A137: DESPERDICIO DE MATERIALES 5% | D137: % | E137: =SUM(G133:G135) -> 414360 | F137: 0.05 | G137: =F137*E137 -> 20718
G139: Sub-Total | H139: =SUM(G133:G138) -> 633822
A140: III. TRANSPORTES
A141: Material | C141: Vol. Peso ó Cant. | D141: Distancia | E141: M3-Km | F141: Tarifa | G141: Valor-Unit.
A142: CEMENTO GRIS | C142: 0.455 | D142: 15 | E142: =D142*C142 -> 6.825 | F142: 1100 | G142: =F142*E142 -> 7507.5
A143: ARENA DELGADA | C143: =+F134 -> 1.16 | D143: 15 | E143: =+C143*D143 -> 17.4 | F143: 1100 | G143: =F143*E143 -> 19140
A144: AGUA | C144: 0.2 | D144: 15 | E144: =+C144*D144 -> 3 | F144: 1100 | G144: =F144*E144 -> 3300
A145: IMPERMEABILIZANTE | C145: 0.05 | D145: 15 | E145: =+C145*D145 -> 0.75 | F145: 1100 | G145: =+E145*F145 -> 825
G147: Sub-Total | H147: =SUM(G143:G146) -> 23265
A148: IV. MANO DE OBRA
A149: Trabajador | C149: Jornal | D149: Prestaciones | E149: Jornal Total | F149: Rendimiento | G149: Valor-Unit.
G151: Sub-Total
E153: TOTAL COSTO DIRECTO | H153: =ROUND((H130+H139+H147+H151),0) -> 669587
A169: ALCALDIA MUNICIPAL DE PINILLOS | G169: ANÁLISIS DE PRECIOS UNITARIOS
A170: DEPARTAMENTO DE BOLIVAR
A171: SECRETARIA DE PLANEACION Y OBRAS PUBLICAS | G171: ACERO DE REFUERZO DE 420 Mpa (1)
A174: PROYECTO: CONSTRUCCION DEL PUESTO DE SALUD DEL CORREGIMIENTO DE ARMENIA, ZONA RURAL DEL MUNICIPIO DE PINILLOS, DEPARTAMENTO DE BOLIVAR
G179: UNIDAD : | H179: Kg
A181: I. EQUIPO
A182: Descripción | D182: Tipo | E182: Tarifa/dia | F182: Rendimiento | G182: Valor-Unit.
A183: HERRAMIENTAS MENORES (5% M.O.) | G183: =H202*0.05 -> 75.833333
G186: Sub-Total | H186: =SUM(G183:G185) -> 75.833333
A187: II. MATERIALES EN OBRA
A188: Descripción | D188: Unidad | E188: Precio-Unit. | F188: Cantidad | G188: Valor-Unit.
A189: ACERO DE REFUERZO 60000 p.s.i. | D189: Kg | E189: =MATERIALES!F17 -> 7159 | F189: 1 | G189: =F189*E189 -> 7159
A190: ALAMBRE QUEMADO | D190: Kg | E190: =MATERIALES!F19 -> 9146 | F190: 0.02 | G190: =F190*E190 -> 182.92
...

Sheet APUS
B1: ALCALDIA MUNICIPAL DE PINILLOS | H1: ANÁLISIS DE PRECIOS UNITARIOS
B2: DEPARTAMENTO DE BOLIVAR
B3: SECRETARIA DE PLANEACION Y OBRAS PUBLICAS | H3: ITEM 1,1 Localizacion, trazado, replanteo y control topografico de la obra
B6: PROYECTO: CONSTRUCCION DEL PUESTO DE SALUD DEL CORREGIMIENTO DE ARMENIA, ZONA RURAL DEL MUNICIPIO DE PINILLOS, DEPARTAMENTO DE BOLIVAR
H9: UNIDAD : | I9: M2
B11: I. EQUIPO
B12: Descripción | E12: Tipo | F12: Tarifa/Dia | G12: Rendimiento | H12: Valor-Unit.
B13: EQUIPO DE TOPOGRAFIA | F13: ='HERRAMIENTAS Y EQUIPOS'!C10 -> 75000 | G13: 300 | H13: =F13/G13 -> 250
B14: HERRAMIENTAS MENORES (5% M.O.) | H14: =I35*0.05 -> 61.930458
H16: Sub-Total | I16: =SUM(H13:H15) -> 311.93046
B17: II. MATERIALES EN OBRA
B18: Descripción | E18: Unidad | F18: Precio-Unit. | G18: Cantidad | H18: Valor-Unit.
B19: Puntillas de hierro 11/2" | E19: Lbrs | F19: =MATERIALES!F8 -> 7500 | G19: 0.025 | H19: =F19*G19 -> 187.5
B20: Cal (10kgrs) | E20: Kgr | F20: =MATERIALES!F20 -> 2100 | G20: =G19 -> 0.025 | H20: =F20*G20 -> 52.5
B21: Liston en madera 4"x2"x3,0mtrs | E21: U. | F21: =MATERIALES!F24 -> 17500 | G21: =G19 -> 0.025 | H21: =F21*G21 -> 437.5
H23: Sub-Total | I23: =SUM(H19:H22) -> 677.5
B24: III. TRANSPORTES
B25: Material | D25: Vol. Peso ó Cant. | E25: Distancia | F25: M3-Km | G25: Tarifa | H25: Valor-Unit.
B26: MATERIALES | D26: 0.035 | E26: 15 | F26: =E26*D26 -> 0.525 | G26: 1100 | H26: =G26*F26 -> 577.5
H28: Sub-Total | I28: =SUM(H26:H27) -> 577.5
B29: IV. MANO DE OBRA
B30: Trabajador | D30: Jornal | E30: Prestaciones | F30: Jornal Total | G30: Rendimiento | H30: Valor-Unit.
B31: TOPOGRAFO | D31: ='MANO DE OBRA'!E19 -> 108333 | E31: 1.75 | F31: =+E31*D31 -> 189582.75 | G31: =G13 -> 300 | H31: =+F31/G31 -> 631.9425
B32: CADENERO | D32: ='MANO DE OBRA'!E20 -> 52000 | E32: 1.75 | F32: =+E32*D32 -> 91000 | G32: =G13 -> 300 | H32: =+F32/G32 -> 303.33333
B33: AUXILIARES (2) | D33: ='MANO DE OBRA'!E14 -> 52000 | E33: 1.75 | F33: =+E33*D33 -> 91000 | G33: =G13 -> 300 | H33: =+F33/G33 -> 303.33333
H35: Sub-Total | I35: =SUM(H31:H34) -> 1238.6092
F37: TOTAL COSTO DIRECTO | I37: =ROUND((I16+I23+I28+I35),0) -> 2806
B60: ALCALDIA MUNICIPAL DE PINILLOS | H60: ANÁLISIS DE PRECIOS UNITARIOS
B61: DEPARTAMENTO DE BOLIVAR
B62: SECRETARIA DE PLANEACION Y OBRAS PUBLICAS | H62: ITEM 1,2 - Demolición de Estructura existente
B65: PROYECTO: CONSTRUCCION DEL PUESTO DE SALUD DEL CORREGIMIENTO DE ARMENIA, ZONA RURAL DEL MUNICIPIO DE PINILLOS, DEPARTAMENTO DE BOLIVAR
H68: UNIDAD : | I68: M2
B70: I. EQUIPO
B71: Descripción | E71: Tipo | F71: Tarifa/Hora | G71: Rendimiento | H71: Valor-Unit.
B72: HERRAMIENTAS MENORES (5% M.O.) | H72: =I90*0.05 -> 606.66667
H74: Sub-Total | I74: =SUM(H72:H72) -> 606.66667
B75: II. MATERIALES EN OBRA
B76: Descripción | E76: Unidad | F76: Precio-Unit. | G76: Cantidad | H76: Valor-Unit.
H80: Sub-Total | I80: =SUM(H77:H79) -> 0
B81: III. TRANSPORTES
B82: Material | D82: Vol. Peso ó Cant. | E82: Distancia | F82: M3-Km | G82: Tarifa | H82: Valor-Unit.
H85: Sub-Total | I85: =SUM(H83:H83) -> 0
B86: IV. MANO DE OBRA
B87: Trabajador | D87: Jornal | E87: Prestaciones | F87: Jornal Total | G87: Rendimiento | H87: Valor-Unit.
B88: OBREROS (4) | D88: ='MANO DE OBRA'!E14*4 -> 208000 | E88: 1.75 | F88: =+E88*D88 -> 364000 | G88: 30 | H88: =+F88/G88 -> 12133.333
H90: Sub-Total | I90: =SUM(H88:H89) -> 12133.333
F92: TOTAL COSTO DIRECTO | I92: =ROUND((I74+I80+I85+I90),0) -> 12740
B118: ALCALDIA MUNICIPAL DE PINILLOS | H118: ANÁLISIS DE PRECIOS UNITARIOS
B119: DEPARTAMENTO DE BOLIVAR
B120: SECRETARIA DE PLANEACION Y OBRAS PUBLICAS | H120: ITEM 1,3 - Perfilacion y nivelacion del terreno - Manual
B123: PROYECTO: CONSTRUCCION DEL PUESTO DE SALUD DEL CORREGIMIENTO DE ARMENIA, ZONA RURAL DEL MUNICIPIO DE PINILLOS, DEPARTAMENTO DE BOLIVAR
H126: UNIDAD : | I126: M2
B128: I. EQUIPO
B129: Descripción | E129: Tipo | F129: Tarifa/hora | G129: Rendimiento | H129: Valor-Unit.
B130: HERRAMIENTAS MENORES (5% M.O.) | H130: =I149*0.05 -> 341.25
H132: Sub-Total | I132: =SUM(H130:H131) -> 341.25
B133: II. MATERIALES EN OBRA
B134: Descripción | E134: Unidad | F134: Precio-Unit. | G134: Cantidad | H134: Valor-Unit.
H139: Sub-Total | I139: =SUM(H135:H138) -> 0
B140: III. TRANSPORTES
B141: Material | D141: Vol. Peso ó Cant. | E141: Distancia | F141: M3-Km | G141: Tarifa | H141: Valor-Unit.
H144: Sub-Total | I144: =SUM(H142:H143) -> 0
B145: IV. MANO DE OBRA
B146: Trabajador | D146: Jornal | E146: Prestaciones | F146: Jornal Total | G146: Rendimiento | H146: Valor-Unit.
B147: OBREROS (3) | D147: ='MANO DE OBRA'!E14*3 -> 156000 | E147: 1.75 | F147: =+E147*D147 -> 273000 | G147: 40 | H147: =+F147/G147 -> 6825
H149: Sub-Total | I149: =SUM(H147:H148) -> 6825
F151: TOTAL COSTO DIRECTO | I151: =ROUND((I132+I139+I144+I149),0) -> 7166
B176: ALCALDIA MUNICIPAL DE PINILLOS | H176: ANÁLISIS DE PRECIOS UNITARIOS
B177: DEPARTAMENTO DE BOLIVAR
B178: SECRETARIA DE PLANEACION Y OBRAS PUBLICAS | H178: ITEM 1,4 - Relleno con material granular transportado compactado al 90%, Manual- (Relleno para Nivelacion de Terreno de Proyecto)
B181: PROYECTO: CONSTRUCCION DEL PUESTO DE SALUD DEL CORREGIMIENTO DE ARMENIA, ZONA RURAL DEL MUNICIPIO DE PINILLOS, DEPARTAMENTO DE BOLIVAR
H184: UNIDAD : | I184: M3
B186: I. EQUIPO
B187: Descripción | E187: Tipo | F187: Tarifa/hora | G187: Rendimiento | H187: Valor-Unit.
B188: VIBROCOMPACTADOR CANGURO | F188: ='HERRAMIENTAS Y EQUIPOS'!C20 -> 100000 | G188: 27 | H188: =F188/G188 -> 3703.7037
B189: VIBROCOMPACTADOR RANA | F189: ='HERRAMIENTAS Y EQUIPOS'!C19 -> 70000 | G189: =G188 -> 27 | H189: =F189/G189 -> 2592.5926
B190: HERRAMIENTAS MENORES (5% M.O.) | H190: =I211*0.05 -> 1320.0606
H192: Sub-Total | I192: =SUM(H188:H191) -> 7616.3569
B193: II. MATERIALES EN OBRA
B194: Descripción | E194: Unidad | F194: Precio-Unit. | G194: Cantidad | H194: Valor-Unit.
B195: RELLENO - MATERIAL GRANULAR | E195: M3 | F195: =MATERIALES!F11 -> 43200 | G195: 1.3 | H195: =F195*G195 -> 56160
B196: AGUA | E196: LITRO | F196: =MATERIALES!F16 -> 50 | G196: 130 | H196: =F196*G196 -> 6500
H199: Sub-Total | I199: =SUM(H195:H198) -> 62660
B200: III. TRANSPORTES
B201: Material | D201: Vol. Peso ó Cant. | E201: Distancia | F201: M3-Km | G201: Tarifa | H201: Valor-Unit.
B202: VIBROCOMPACTADOR CANGURO | D202: 0.05 | E202: 15 | F202: =E202*D202 -> 0.75 | G202: 1100 | H202: =G202*F202 -> 825
B203: RELLENO | D203: 1.3 | E203: 15 | F203: =E203*D203 -> 19.5 | G203: 1100 | H203: =G203*F203 -> 21450
H205: Sub-Total | I205: =SUM(H202:H203) -> 22275
B206: IV. MANO DE OBRA
B207: Trabajador | D207: Jornal | E207: Prestaciones | F207: Jornal Total | G207: Rendimiento | H207: Valor-Unit.
B208: OFICIAL (1) | D208: ='MANO DE OBRA'!E15 -> 95333 | E208: 1.75 | F208: =+E208*D208 -> 166832.75 | G208: =G188 -> 27 | H208: =+F208/G208 -> 6178.9907
B209: OBREROS (6) | D209: ='MANO DE OBRA'!E14*6 -> 312000 | E209: 1.75 | F209: =+E209*D209 -> 546000 | G209: =G188 -> 27 | H209: =+F209/G209 -> 20222.222
H211: Sub-Total | I211: =SUM(H208:H209) -> 26401.213
F213: TOTAL COSTO DIRECTO | I213: =ROUND((I192+I199+I205+I211),0) -> 118953
B236: ALCALDIA MUNICIPAL DE PINILLOS | H236: ANÁLISIS DE PRECIOS UNITARIOS
B237: DEPARTAMENTO DE BOLIVAR
B238: SECRETARIA DE PLANEACION Y OBRAS PUBLICAS | H238: ITEM 1,5 - Cargue, transporte y disposición final de material sobrante en sitio autorizado
B241: PROYECTO: CONSTRUCCION DEL PUESTO DE SALUD DEL CORREGIMIENTO DE ARMENIA, ZONA RURAL DEL MUNICIPIO DE PINILLOS, DEPARTAMENTO DE BOLIVAR
H244: UNIDAD : | I244: M3
B246: I. EQUIPO
...

Sheet MANO DE OBRA
A2: ALCALDIA MUNICIPAL DE PINILLOS
A3: DEPARTAMENTO DE BOLIVAR
A4: SECRETARIA DE PLANEACION Y OBRAS PUBLICAS
A5: PROYECTO: CONSTRUCCION DEL PUESTO DE SALUD DEL CORREGIMIENTO DE ARMENIA, ZONA RURAL DEL MUNICIPIO DE PINILLOS, DEPARTAMENTO DE BOLIVAR
A6: MANO DE OBRA - AJUSTADA 2023
A7: AÑO | D7: 2022 | E7: 2023
A8: SALARIO MINIMO MENSUAL SIN SUBSIDIO DE TRANSPORTE | D8: 1000000 | E8: 1160000
A9: SUBSIDIO DE TRANSPORTE | D9: 117172 | E9: 140000
A10: SALARIO MINIMO MENSUAL CON SUBSIDIO DE TRANSPORTE | D10: =SUM(D8:D9) -> 1117172 | E10: =SUM(E8:E9) -> 1300000
A11: DIAS DE TRABAJO | D11: 30 | E11: 30
A13: TRABAJADOR | D13: VALOR | E13: AJUSTADO
A14: OBRERO | D14: =E10/E11*1.2 -> 52000 | E14: =ROUND((D14),0) -> 52000
A15: OFICIAL | D15: =E10/E11*2.2 -> 95333.333 | E15: =ROUND((D15),0) -> 95333
A16: TECNICO ELECTRICISTA | D16: =E10/E11*2.2 -> 95333.333 | E16: =ROUND((D16),0) -> 95333
A17: SOLDADOR | D17: =E10/E11*2.2 -> 95333.333 | E17: =ROUND((D17),0) -> 95333
A18: MAESTRO | D18: =E10/E11*2.5 -> 108333.33 | E18: =ROUND((D18),0) -> 108333
A19: TOPOGRAFO | D19: =E10/30*2.5 -> 108333.33 | E19: =ROUND((D19),0) -> 108333
A20: AUXILIAR DE TOPOGRAFIA | D20: =E10/E11*1.2 -> 52000 | E20: =ROUND((D20),0) -> 52000
A27: ARQ. CHEDID PABA PIÑERES
A28: Secretario de Planeación y Obras Públicas

Sheet MATERIALES
A1: ALCALDIA MUNICIPAL DE PINILLOS
A2: DEPARTAMENTO DE BOLIVAR
A3: SECRETARIA DE PLANEACION Y OBRAS PUBLICAS
A4: PROYECTO: CONSTRUCCION DEL PUESTO DE SALUD DEL CORREGIMIENTO DE ARMENIA, ZONA RURAL DEL MUNICIPIO DE PINILLOS, DEPARTAMENTO DE BOLIVAR
A5: LISTADO DE MATERIALES DE OBRA REFERENTES DE LA REGION - AJUSTADOS A 2023
A6: MATERIALES EN OBRA | B6: UNIDAD DE MEDIDA | C6: PRECIO PRESUPUESTO | D6: PRECIO MERCADO 2021 | E6: VALOR AJUSTADO 2022 | F6: VALOR INGRESADO
A7: SACO DE LONA O LONA | B7: UNIDAD | C7: 1500 | D7: =C7*0.94 -> 1410 | E7: =+D7*1.06 -> 1494.6 | F7: =C7 -> 1500
A8: PUNTILLAS 11/2" | B8: LIBRA | C8: 7500 | D8: =C8*0.94 -> 7050 | E8: =+D8*1.06 -> 7473 | F8: =C8 -> 7500
A9: CEMENTO BLANCO | B9: KILOGRAMO | C9: 2800 | D9: =C9*0.94 -> 2632 | E9: =+D9*1.06 -> 2789.92 | F9: =C9 -> 2800
A10: CEMENTO GRIS TIPO PORTLAND | B10: KILOGRAMO | C10: 850 | D10: =C10*0.94 -> 799 | E10: =+D10*1.06 -> 846.94 | F10: =C10 -> 850
A11: RELLENO MATERIAL GRANULAR | B11: M3 | C11: =32000*1.35 -> 43200 | D11: =C11*0.94 -> 40608 | E11: =+D11*1.06 -> 43044.48 | F11: =C11 -> 43200
A12: PIEDRA SELECCIONADA 3/4" | B12: M3 | C12: =2000*60*1.35 -> 162000 | D12: =C12*0.94 -> 152280 | E12: =+D12*1.06 -> 161416.8 | F12: =C12 -> 162000
A13: PIEDRA 3 PULGADAS | B13: M3 | C13: =2000*60*1.35 -> 162000 | D13: =C13*0.94 -> 152280 | E13: =+D13*1.06 -> 161416.8 | F13: =C13 -> 162000
A14: ARENA GRUESA | B14: M3 | C14: =1000*60*1.35 -> 81000 | D14: =C14*0.94 -> 76140 | E14: =+D14*1.06 -> 80708.4 | F14: =C14 -> 81000
A15: ARENA DELGADA | B15: M3 | C15: =1000*60*1.35 -> 81000 | D15: =C15*0.94 -> 76140 | E15: =+D15*1.06 -> 80708.4 | F15: =C15 -> 81000
A16: AGUA | B16: LITRO | C16: 50 | D16: =C16*0.94 -> 47 | E16: =+D16*1.06 -> 49.82 | F16: =C16 -> 50
A17: ACERO DE REFUERZO DE 420 Mpa (1) | B17: KILOGRAMO | C17: 7159 | D17: =C17*0.94 -> 6729.46 | E17: =+D17*1.06 -> 7133.2276 | F17: =C17 -> 7159
A18: ACERO DE REFUERZO DE 420 Mpa (2) | B18: KILOGRAMO | C18: 7159 | D18: =C18*0.94 -> 6729.46 | E18: =+D18*1.06 -> 7133.2276 | F18: =C18 -> 7159
A19: ALAMBRE QUEMADO | B19: KILOGRAMO | C19: 9146 | D19: =C19*0.94 -> 8597.24 | E19: =+D19*1.06 -> 9113.0744 | F19: =C19 -> 9146
A20: CAL (BULTO POR 10 KG) | B20: KILOGRAMO | C20: 2100 | D20: =C20*0.94 -> 1974 | E20: =+D20*1.06 -> 2092.44 | F20: =C20 -> 2100
A21: ACRONAL | B21: KILOGRAMO | C21: =21600*1.35 -> 29160 | D21: =C21*0.94 -> 27410.4 | E21: =+D21*1.06 -> 29055.024 | F21: =C21 -> 29160
A22: LISTON DE MADERA 6" x 4" x 4,0 MTS | B22: UNIDAD | C22: 75000 | D22: =C22*0.94 -> 70500 | E22: =+D22*1.06 -> 74730 | F22: =C22 -> 75000
A23: LISTON DE MADERA 4" x 2" x 4,0 MTS | B23: UNIDAD | C23: 40000 | D23: =C23*0.94 -> 37600 | E23: =+D23*1.06 -> 39856 | F23: =C23 -> 40000
A24: LISTON DE MADERA 4" x 2" x 3,0 MTS | B24: UNIDAD | C24: 17500 | D24: =C24*0.94 -> 16450 | E24: =+D24*1.06 -> 17437 | F24: =C24 -> 17500
A25: LISTON DE MADERA 2" x 1" x 3,0 MTS | B25: UNIDAD | C25: 6000 | D25: =C25*0.94 -> 5640 | E25: =+D25*1.06 -> 5978.4 | F25: =C25 -> 6000
A26: TABLA CARACOLI 10" x 1" x 3,0 MTS | B26: UNIDAD | C26: 27000 | D26: =C26*0.94 -> 25380 | E26: =+D26*1.06 -> 26902.8 | F26: =C26 -> 27000
A27: SOLDADURA PVC | B27: GALON | C27: =53000*4*1.35 -> 286200 | D27: =C27*0.94 -> 269028 | E27: =+D27*1.06 -> 285169.68 | F27: =C27 -> 286200
A28: CUBIERTA TIPO ZINC INCLUYE AMARRES | B28: M2 | C28: 24300 | D28: =C28*0.94 -> 22842 | E28: =+D28*1.06 -> 24212.52 | F28: =C28 -> 24300
A29: IMPERMEABILZANTE TIPO SIKA 1 | B29: KILOGRAMO | C29: =13000*1.4 -> 18200 | D29: =C29*0.94 -> 17108 | E29: =+D29*1.06 -> 18134.48 | F29: =C29 -> 18200
A30: IMPERMEABILZANTE TIPO SIKA 101 | B30: KILOGRAMO | C30: =7000*1.4 -> 9800 | D30: =C30*0.94 -> 9212 | E30: =+D30*1.06 -> 9764.72 | F30: =C30 -> 9800
A31: CINTA B-15 | B31: ROLLO | C31: 1303000 | D31: =C31*0.94 -> 1224820 | E31: =+D31*1.06 -> 1298309.2 | F31: =C31 -> 1303000
A32: SELLALON PARA JUNTAS | B32: GALON | C32: 362400 | D32: =C32*0.94 -> 340656 | E32: =+D32*1.06 -> 361095.36 | F32: =C32 -> 362400
A33: CORDON DE ESPUMA EN POLIURETANO | B33: M | C33: 1800 | D33: =C33*0.94 -> 1692 | E33: =+D33*1.06 -> 1793.52 | F33: =C33 -> 1800
A34: GRASA | B34: KILOGRAMO | C34: 7500 | D34: =C34*0.94 -> 7050 | E34: =+D34*1.06 -> 7473 | F34: =C34 -> 7500
A35: DISCO DE CORTE DIAMANTADO 14" | B35: UNIDAD | C35: 775800 | D35: =C35*0.94 -> 729252 | E35: =+D35*1.06 -> 773007.12 | F35: =C35 -> 775800
A36: GEOTEXTIL DE PROTECCION | B36: M2 | C36: 4500 | D36: =C36*0.94 -> 4230 | E36: =+D36*1.06 -> 4483.8 | F36: =C36 -> 4500
A37: ANTISOL | B37: GALON | C37: 85000 | D37: =C37*0.94 -> 79900 | E37: =+D37*1.06 -> 84694 | F37: =C37 -> 85000
A38: ADOQUIN VIBRADO | B38: M2 | C38: =(57000*1.35)*1 -> 76950 | D38: =C38*0.94 -> 72333 | E38: =+D38*1.06 -> 76672.98 | F38: =C38 -> 76950
A39: BLOQUE No 6 - 40 X 20 X 15 cms | B39: UNIDAD | C39: =2300*1.35 -> 3105 | D39: =C39*0.94 -> 2918.7 | E39: =+D39*1.06 -> 3093.822 | F39: =C39 -> 3105
A40: BLOQUE No 6 - 40 X 20 X 9 cms | B40: UNIDAD | C40: =1300*1.35 -> 1755 | D40: =C40*0.94 -> 1649.7 | E40: =+D40*1.06 -> 1748.682 | F40: =C40 -> 1755
A41: ADITIVO PLASTIFICANTE | B41: KILOGRAMO | C41: 40700 | D41: =C41*0.94 -> 38258 | E41: =+D41*1.06 -> 40553.48 | F41: =C41 -> 40700
A42: ADITIVO RETARDANTE | B42: KILOGRAMO | C42: 32900 | D42: =C42*0.94 -> 30926 | E42: =+D42*1.06 -> 32781.56 | F42: =C42 -> 32900
A43: ESTUCO PLASTICO | B43: GALON | C43: 40000 | D43: =C43*0.94 -> 37600 | E43: =+D43*1.06 -> 39856 | F43: =C43 -> 40000
A44: PINTURA TIPO 1 | B44: GALON | C44: 103000 | D44: =C44*0.94 -> 96820 | E44: =+D44*1.06 -> 102629.2 | F44: =C44 -> 103000
A45: CERAMICA PARA PISOS | B45: M2 | C45: 48000 | D45: =C45*0.94 -> 45120 | E45: =+D45*1.06 -> 47827.2 | F45: =C45 -> 48000
A46: CERAMICA PARA FACHADAS | B46: M2 | C46: 60000 | D46: =C46*0.94 -> 56400 | E46: =+D46*1.06 -> 59784 | F46: =C46 -> 60000
A47: ZOCALO MEDIA CAÑA | B47: M | C47: 17500 | D47: =C47*0.94 -> 16450 | E47: =+D47*1.06 -> 17437 | F47: =C47 -> 17500
A48: CERAMICA PARA PISOS DE BAÑOS | B48: M2 | C48: 35000 | D48: =C48*0.94 -> 32900 | E48: =+D48*1.06 -> 34874 | F48: =C48 -> 35000
A49: CERAMICA PARA MUROS DE BAÑOS | B49: M2 | C49: 35000 | D49: =C49*0.94 -> 32900 | E49: =+D49*1.06 -> 34874 | F49: =C49 -> 35000
A50: PEGANTE CERAMICA | B50: KILOGRAMO | C50: 4500 | D50: =C50*0.94 -> 4230 | E50: =+D50*1.06 -> 4483.8 | F50: =C50 -> 4500
A51: SELLANTE DE JUNTAS | B51: KILOGRAMO | C51: 2800 | D51: =C51*0.94 -> 2632 | E51: =+D51*1.06 -> 2789.92 | F51: =C51 -> 2800
A52: PIEDRA GRANITO | B52: M2 | C52: 4500 | D52: =C52*0.94 -> 4230 | E52: =+D52*1.06 -> 4483.8 | F52: =C52 -> 4500
... A55: DISCO DE CORTE DIAMANTADO 7" | B55: UNIDAD | C55: 78000 | D55: =C55*0.94 -> 73320 | E55: =+D55*1.06 -> 77719.2 | F55: =C55 -> 78000
A56: ADOQUIN COLORES VARIADOS 10 X 20 CMS | B56: UNIDAD | C56: =(57000*1.35)*1 -> 76950 | D56: =C56*0.94 -> 72333 | E56: =+D56*1.06 -> 76672.98 | F56: =C56 -> 76950
A57: GRAMA SINTETICA | B57: M2 | C57: 91000 | D57: =C57*0.94 -> 85540 | E57: =+D57*1.06 -> 90672.4 | F57: =C57 -> 91000
A58: PISO DE CAUCHO GRANULADO | B58: M2 | C58: =292200*1.15 -> 336030 | D58: =C58*0.94 -> 315868.2 | E58: =+D58*1.06 -> 334820.29 | F58: =C58 -> 336030
A59: PEGANTE TIPO BOXER | B59: GALON | C59: =68000*1.35 -> 91800 | D59: =C59*0.94 -> 86292 | E59: =+D59*1.06 -> 91469.52 | F59: =C59 -> 91800
A60: LAMINA YESO CARTON | B60: UNIDAD | C60: 25000 | D60: =C60*0.94 -> 23500 | E60: =+D60*1.06 -> 24910 | F60: =C60 -> 25000
A61: ANGULO OMEGAL Y OTROS | B61: M | C61: 13500 | D61: =C61*0.94 -> 12690 | E61: =+D61*1.06 -> 13451.4 | F61: =C61 -> 13500
A62: TORNILLERIA PAQUETE | B62: UNIDAD | C62: 3500 | D62: =C62*0.94 -> 3290 | E62: =+D62*1.06 -> 3487.4 | F62: =C62 -> 3500
A63: TUBERIA PVC 1/2" | B63: M | C63: 4176 | D63: =C63*0.94 -> 3925.44 | E63: =+D63*1.06 -> 4160.9664 | F63: =C63 -> 4176
A64: CODOS 1/2" | B64: UNIDAD | C64: 1330 | D64: =C64*0.94 -> 1250.2 | E64: =+D64*1.06 -> 1325.212 | F64: =C64 -> 1330
A65: TEE 1/2" | B65: UNIDAD | C65: 2520 | D65: =C65*0.94 -> 2368.8 | E65: =+D65*1.06 -> 2510.928 | F65: =C65 -> 2520
A66: ADAPTADORES | B66: UNIDAD | C66: 3700 | D66: =C66*0.94 -> 3478 | E66: =+D66*1.06 -> 3686.68 | F66: =C66 -> 3700
A67: LLAVE DE DISTRIBUCION | B67: UNIDAD | C67: 16300 | D67: =C67*0.94 -> 15322 | E67: =+D67*1.06 -> 16241.32 | F67: =C67 -> 16300
A68: TUBERIA PVC 1 1/4" | B68: M | C68: 13200 | D68: =C68*0.94 -> 12408 | E68: =+D68*1.06 -> 13152.48 | F68: =C68 -> 13200
A69: CODOS 1 1/4" | B69: UNIDAD | C69: 5460 | D69: =C69*0.94 -> 5132.4 | E69: =+D69*1.06 -> 5440.344 | F69: =C69 -> 5460
A70: TEE 1 1/4" | B70: UNIDAD | C70: 5250 | D70: =C70*0.94 -> 4935 | E70: =+D70*1.06 -> 5231.1 | F70: =C70 -> 5250
A71: TUBERIA PVC 3/4" | B71: M | C71: 5350 | D71: =C71*0.94 -> 5029 | E71: =+D71*1.06 -> 5330.74 | F71: =C71 -> 5350
A72: CODOS 3/4" | B72: UNIDAD | C72: =1330*1.5 -> 1995 | D72: =C72*0.94 -> 1875.3 | E72: =+D72*1.06 -> 1987.818 | F72: =C72 -> 1995
A73: TEE 3/4" | B73: UNIDAD | C73: =2520*1.5 -> 3780 | D73: =C73*0.94 -> 3553.2 | E73: =+D73*1.06 -> 3766.392 | F73: =C73 -> 3780
A74: TUBERIA PVC 1" | B74: M | C74: 7210 | D74: =C74*0.94 -> 6777.4 | E74: =+D74*1.06 -> 7184.044 | F74: =C74 -> 7210
A75: CODOS 1" | B75: UNIDAD | C75: 2700 | D75: =C75*0.94 -> 2538 | E75: =+D75*1.06 -> 2690.28 | F75: =C75 -> 2700
A76: TEE 1" | B76: UNIDAD | C76: 5400 | D76: =C76*0.94 -> 5076 | E76: =+D76*1.06 -> 5380.56 | F76: =C76 -> 5400
A77: TANQUE DE 1000 LTS | B77: M | C77: 650000 | D77: =C77*0.94 -> 611000 | E77: =+D77*1.06 -> 647660 | F77: =C77 -> 650000
A78: TANQUE DE 500 LTS | B78: M | C78: 420000 | D78: =C78*0.94 -> 394800 | E78: =+D78*1.06 -> 418488 | F78: =C78 -> 420000
A79: FLOTADOR | B79: UNIDAD | C79: =78900*1.35 -> 106515 | D79: =C79*0.94 -> 100124.1 | E79: =+D79*1.06 -> 106131.55 | F79: =C79 -> 106515
A80: VALVULA UNIVERSAL 1/2" | B80: UNIDAD | C80: 13800 | D80: =C80*0.94 -> 12972 | E80: =+D80*1.06 -> 13750.32 | F80: =C80 -> 13800
A81: VALVULA UNIVERSAL 1" | B81: UNIDAD | C81: 19600 | D81: =C81*0.94 -> 18424 | E81: =+D81*1.06 -> 19529.44 | F81: =C81 -> 19600
A82: Gabinete en lamina cold rolled, tamaño 60x35x23, calibre 20, pintura electroestática roja y texturizada. marco en lámina, con empaque, vidrio , chapa con 2 llaves | B82: UNIDAD | C82: =94400*1.5 -> 141600 | D82: =C82*0.94 -> 133104 | E82: =+D82*1.06 -> 141090.24 | F82: =C82 -> 141600
A83: Extintor ABC 10 lbs | B83: UNIDAD | C83: =56300*1.5 -> 84450 | D83: =C83*0.94 -> 79383 | E83: =+D83*1.06 -> 84145.98 | F83: =C83 -> 84450
A84: COMBO SANITARIO , (Inc. Lavamanos y Sanitario) | B84: UNIDAD | C84: =450000*1.5 -> 675000 | D84: =C84*0.94 -> 634500 | E84: =+D84*1.06 -> 672570 | F84: =C84 -> 675000
A85: TUBERIA PVC 2" | B85: M | C85: 11650 | D85: =C85*0.94 -> 10951 | E85: =+D85*1.06 -> 11608.06 | F85: =C85 -> 11650
A86: CODO DE 2" 90 | B86: UNIDAD | C86: 4050 | D86: =C86*0.94 -> 3807 | E86: =+D86*1.06 -> 4035.42 | F86: =C86 -> 4050
A87: CODO DE 2" 45 | B87: UNIDAD | C87: 3990 | D87: =C87*0.94 -> 3750.6 | E87: =+D87*1.06 -> 3975.636 | F87: =C87 -> 3990
A88: TAPON DE PRUEBA DE 2" | B88: UNIDAD | C88: 2086 | D88: =C88*0.94 -> 1960.84 | E88: =+D88*1.06 -> 2078.4904 | F88: =C88 -> 2086
A89: YEE DE 2" | B89: UNIDAD | C89: 12460 | D89: =C89*0.94 -> 11712.4 | E89: =+D89*1.06 -> 12415.144 | F89: =C89 -> 12460
A90: TUBERIA PVC 3" | B90: M | C90: 17500 | D90: =C90*0.94 -> 16450 | E90: =+D90*1.06 -> 17437 | F90: =C90 -> 17500
A91: CODO DE 3" 90 | B91: UNIDAD | C91: 8120 | D91: =C91*0.94 -> 7632.8 | E91: =+D91*1.06 -> 8090.768 | F91: =C91 -> 8120
A92: CODO DE 3" 45 | B92: UNIDAD | C92: 13860 | D92: =C92*0.94 -> 13028.4 | E92: =+D92*1.06 -> 13810.104 | F92: =C92 -> 13860
A93: SIFON DE 3" | B93: UNIDAD | C93: 12880 | D93: =C93*0.94 -> 12107.2 | E93: =+D93*1.06 -> 12833.632 | F93: =C93 -> 12880
A94: TAPON DE PRUEBA DE 3" | B94: UNIDAD | C94: 2660 | D94: =C94*0.94 -> 2500.4 | E94: =+D94*1.06 -> 2650.424 | F94: =C94 -> 2660
A95: YEE DE 3" | B95: UNIDAD | C95: 19460 | D95: =C95*0.94 -> 18292.4 | E95: =+D95*1.06 -> 19389.944 | F95: =C95 -> 19460
A96: REJILLA 3" | B96: UNIDAD | C96: 22260 | D96: =C96*0.94 -> 20924.4 | E96: =+D96*1.06 -> 22179.864 | F96: =C96 -> 22260
... A112: VISAGRAS | B112: UNIDAD | C112: 4500 | D112: =C112*0.94 -> 4230 | E112: =+D112*1.06 -> 4483.8 | F112: =C112 -> 4500
A113: VENTANAS EN ALUMINIO | B113: UNIDAD | C113: =200000*1.35 -> 270000 | D113: =C113*0.94 -> 253800 | E113: =+D113*1.06 -> 269028 | F113: =C113 -> 270000
A114: PUERTAS EN ALUMINIO | B114: UNIDAD | C114: =220000*1.35 -> 297000 | D114: =C114*0.94 -> 279180 | E114: =+D114*1.06 -> 295930.8 | F114: =C114 -> 297000
A115: PUERTAS EN ALUMINIO TIPO 762 | B115: UNIDAD | C115: =280000*1.35 -> 378000 | D115: =C115*0.94 -> 355320 | E115: =+D115*1.06 -> 376639.2 | F115: =C115 -> 378000
A116: CHAPAS CON MANIJA | B116: UNIDAD | C116: 78500 | D116: =C116*0.94 -> 73790 | E116: =+D116*1.06 -> 78217.4 | F116: =C116 -> 78500
A117: VARILLA LISA 3/8" | B117: M | C117: 5800 | D117: =C117*0.94 -> 5452 | E117: =+D117*1.06 -> 5779.12 | F117: =C117 -> 5800
...

Sheet HERRAMIENTAS Y EQUIPOS
A3: ALCALDIA MUNICIPAL DE PINILLOS
A4: DEPARTAMENTO DE BOLIVAR
A5: SECRETARIA DE PLANEACION Y OBRAS PUBLICAS
A6: PROYECTO: CONSTRUCCION DEL PUESTO DE SALUD DEL CORREGIMIENTO DE ARMENIA, ZONA RURAL DEL MUNICIPIO DE PINILLOS, DEPARTAMENTO DE BOLIVAR
A7: HERRAMIENTA Y EQUIPOS - AJUSTADOS A 2023
A8: , | B8: UNIDAD | C8: TARIFA
A9: HERRAMIENTAS MENORES | C9: 5% M/O
A10: EQUIPO DE TOPOGRAFIA (NIVEL) | B10: $/DIA | C10: 75000
A11: BOB CAT MARTILLO | B11: $/HORA | C11: 150000
A12: BOB CAT PALA | B12: $/HORA | C12: 130000
A13: RETROEXCAVADORA DE ORUGA | B13: $/HORA | C13: 240000
A14: RETROEXCAVADORA DE LLANTA | B14: $/HORA | C14: 180000
A15: MOTONIVELADORA | B15: $/HORA | C15: 240000
A16: BULDOZER | B16: $/HORA | C16: 240000
A17: VIBRO-COMPACTADOR 3 TON | B17: $/HORA | C17: 120000
A18: VIBRO-COMPACTADOR 8 TON | B18: $/HORA | C18: 180000
A19: VIBRO-COMPACTADOR- RANA | B19: $/DIA | C19: 70000
A20: VIBRO-COMPACTADOR- CANGURO | B20: $/DIA | C20: 100000
A21: MEZCLADOR DE CONCRETO | B21: $/DIA | C21: 100000
... A24: RIELES METALICOS (Unidad) | B24: $UNIDAD/DIA | C24: 4500
A25: FORMALETA METALICA (TABLEROS X 6) | B25: $/DIA | C25: =7500*6 -> 45000
A26: EQUIPO DE SOLDADURA 110/220 V | B26: $/DIA | C26: 150000
A27: GRUA | B27: $/DIA | C27: 180000
A28: EQUIPO DE PERFORACION ROTACIONAL | B28: $/DIA | C28: 377500
A29: FORMALETA METALICA (D=50 CMS/LONG. 3ML) | B29: $/DIA | C29: 20000
A30: EQUIPO TERMOFUSION | B30: $/DIA | C30: 300000
A31: MOTOBOMBA | B31: $/DIA | C31: 108000
A32: CORTADORA DE PAVIMENTO | B32: $/DIA | C32: 180000
A33: FLOTA METALICA | B33: $/DIA | C33: 75000
A34: CEPILLO METALICO | B34: $/DIA | C34: 75000
A35: REGLA VIBRATORIA | B35: $/DIA | C35: 180000
A36: VIBRO DE PUNTA | B36: $/DIA | C36: 80000
A37: GRUA | B37: $/DIA | C37: 180000
... A39: PULIDORA PROFESIONAL | B39: $/DIA | C39: 15000
A45: ARQ. CHEDID PABA PIÑERES
A46: Secretario de Planeación y Obras Públicas

Sheet TRANSPORTE
A3: ALCALDIA MUNICIPAL DE PINILLOS
A4: DEPARTAMENTO DE BOLIVAR
A5: SECRETARIA DE PLANEACION Y OBRAS PUBLICAS
A6: PROYECTO: CONSTRUCCION DEL PUESTO DE SALUD DEL CORREGIMIENTO DE ARMENIA, ZONA RURAL DEL MUNICIPIO DE PINILLOS, DEPARTAMENTO DE BOLIVAR
A7: TRANSPORTE - AJUSTADO A 2023
A9: VALOR | C9: UNIDAD | D9: VALOR | E9: AJUSTADO NORMAL | F9: AJUSTADO DIFICIL ACCESO
A10: TRANSPORTE | C10: M3/KM | D10: =918*1.035 -> 950.13 | E10: =ROUND((D10),0) -> 950 | F10: =(ROUND((E10*1.1577),0)) -> 1100
A16: ARQ. CHEDID PABA PIÑERES
A17: Secretario de Planeación y Obras Públicas
